 Dungeon Crawl Stone Soup version 0.26-a0-284-g73c0fb6129 (webtiles) character file.

Game seed: 17248286589686357232

238676 Niddhogr the Spear-Bearer (level 18, -11/121 HPs)
             Began as a Demonspawn Venom Mage on July 13, 2020.
             Was an Initiate of Gozag.
             Killed from afar by a frost giant (60 damage)
             ... with a bolt of cold
             ... on level 2 of the Depths.
             The game lasted 04:25:13 (54948 turns).

Niddhogr the Spear-Bearer (Demonspawn Venom Mage)  Turns: 54948, Time: 04:25:15

Health: -11/121    AC: 20    Str:  8    XL:     18   Next: 57%
Magic:  23/32      EV: 20    Int: 27    God:    Gozag
Gold:   1767       SH: 10    Dex: 14    Spells: 1/37 levels left

rFire    + . .     SeeInvis +   l - +9 demon trident (elec)
rCold    x . .     Faith    .   y - +0 buckler
rNeg     . . .     Spirit   .   A - +2 robe {Archmagi}
rPois    .         Reflect  +   (helmet unavailable)
rElec    +         Harm     .   I - +0 cloak {rCorr}
rCorr    +                      X - +0 pair of gloves "Cuosuex" {Str-4 Slay+5}
MR       +....                  n - +2 pair of boots
Stlth    ++........             k - amulet of reflection
HPRegen  0.30/turn              J - +4 ring of protection
MPRegen  0.23/turn              F - ring "Kama" {Fire Int+4 Slay+5 SInv}

@: agile, sanguine armour, very slightly contaminated
A: antennae 3, clever 1, powered by death 2, powered by pain 3, electricity
resistance, sanguine armour 1
}: 2/15 runes: decaying, serpentine
a: Potion Petition, Call Merchant, Bribe Branch, Renounce Religion


You were on level 2 of the Depths.
You worshipped Gozag.
Gozag was most pleased with you.
You visited 8 branches of the dungeon, and saw 35 of its levels.
You also visited: Gauntlet and Ice Cave.

You collected 17946 gold pieces.
You spent 8832 gold pieces at shops.
You paid 7347 gold pieces to Gozag.

Inventory:

Hand Weapons
 l - a +9 demon trident of electrocution (weapon)
Missiles
 G - a throwing net {=f}
 Q - 654 arrows
Armour
 n - a +2 pair of boots (worn)
 y - a +0 buckler (worn)
 A - a +2 robe of the Archmagi (worn)
 I - a +0 cloak of preservation (worn)
 O - a +2 robe of resistance {rC+, rF+}
 R - a +0 kite shield of reflection {Reflect}
 X - the +0 pair of gloves "Cuosuex" (worn) {Str-4 Slay+5}
   (You found it in a Gauntlet)

   It affects your strength (-4).
   It affects your accuracy and damage with ranged weapons and melee attacks
   (+5).
Jewellery
 k - an amulet of reflection (around neck)
 F - the ring "Kama" (right hand) {Fire Int+4 Slay+5 SInv}
   (You took it off a spriggan on level 2 of the Swamp)

   [ring of fire]

   It enhances your fire magic.
   It affects your intelligence (+4).
   It affects your accuracy and damage with ranged weapons and melee attacks
   (+5).
   It protects you from fire.
   It makes you vulnerable to cold.
   It lets you see invisible.
 J - a +4 ring of protection (left hand)
 K - an uncursed ring of flight
 P - the ring "Otekh" {rPois rCorr}
   (You found it on level 4 of the Swamp)

   [ring of resist corrosion]

   It protects you from poison.
   It provides partial protection from all sources of acid and corrosion.
 W - an uncursed ring of wizardry {Wiz+}
Wands
 d - a wand of disintegration (16)
 o - a wand of acid (23)
 q - a wand of clouds (8)
 z - a wand of iceblast (43)
 T - a wand of paralysis (35)
 U - a wand of enslavement (4)
Scrolls
 e - 4 scrolls of fear
 f - 6 scrolls of fog
 i - 7 scrolls of identify
 p - 2 scrolls of enchant weapon
 r - 2 scrolls of torment {!r}
 t - 12 scrolls of teleportation
 u - 4 scrolls of immolation {!r}
 v - 3 scrolls of summoning
 B - a scroll of blinking {!r}
 C - 5 scrolls of enchant armour
 E - 11 scrolls of remove curse
 H - 2 scrolls of magic mapping {!r}
 M - 2 scrolls of holy word {!r!r}
 S - a scroll of silence
 Z - 3 scrolls of amnesia
Potions
 a - 4 potions of might
 b - 2 potions of mutation {!q}
 c - 2 potions of magic
 g - a potion of ambrosia
 h - 2 potions of lignification {!q}
 j - 7 potions of stabbing
 m - a potion of berserk rage {!q}
 s - 6 potions of brilliance
 x - 6 potions of haste
 D - 2 potions of invisibility
 N - a potion of resistance
 V - a potion of curing
Miscellaneous
 w - a phial of floods
 Y - a box of beasts


   Skills:
 - Level 5.0 Fighting
 - Level 14.0 Polearms
 + Level 8.6 Armour
 - Level 5.0 Dodging
 - Level 1.7 Stealth
 - Level 4.0 Shields
 - Level 10.0 Spellcasting
 - Level 2.0 Conjurations
 - Level 7.2 Hexes
 - Level 3.0 Charms
 * Level 11.2 Summonings
 - Level 14.0 Necromancy
 - Level 3.0 Transmutations
 - Level 3.3 Air Magic
 - Level 12.0 Earth Magic
 - Level 8.5 Poison Magic
 - Level 10.2 Evocations


You had one spell level left.
You knew the following spells:

 Your Spells              Type           Power        Failure   Level
a - Blink                 Tloc           N/A          6%          2
b - Haunt                 Necr/Summ      #######...   21%         7
c - Ignite Poison         Fire/Tmut/Pois ######..     2%          3
d - Olgreb's Toxic Radia  Pois           ######..     1%          4
e - Borgnjor's Vile Clut  Necr/Erth      #######...   1%          5
f - Tukima's Dance        Hex            ######..     1%          3
g - Swiftness             Chrm/Air       #####...     1%          2
s - Sticks to Snakes      Tmut           #####...     1%          2
w - Passwall              Tmut/Erth      ######..     1%          2
x - Mephitic Cloud        Conj/Pois/Air  ######..     1%          3
z - Spectral Weapon       Hex/Chrm       ######..     1%          3

Your spell library contained the following spells:

 Spells                   Type           Power        Failure   Level
 Animate Skeleton         Necr           ######       0%          1
 Beastly Appendage        Tmut           #####.       1%          1
 Corona                   Hex            ######.      1%          1
 Infusion                 Chrm           ####         1%          1
 Sandblast                Erth           ######       1%          1
 Sting                    Tmut/Pois      ####         1%          1
 Summon Small Mammal      Summ           ####         1%          1
 Foxfire                  Conj/Fire      ####         2%          1
 Apportation              Tloc           ###...       4%          1
 Call Imp                 Summ           #######.     1%          2
 Corpse Rot               Necr/Air       N/A          1%          2
 Ensorcelled Hibernation  Hex/Ice        #####.       1%          2
 Poisonous Vapours        Pois/Air       ######       1%          2
 Slow                     Hex            ######..     1%          2
 Song of Slaying          Chrm           #####...     1%          2
 Call Canine Familiar     Summ           #######.     1%          3
 Confusing Touch          Hex            ######..     1%          3
 Dazzling Flash           Conj/Hex       ######       1%          3
 Spider Form              Tmut/Pois      ######....   1%          3
 Summon Guardian Golem    Hex/Summ       #######.     1%          3
 Leda's Liquefaction      Hex/Erth       #######...   1%          4
 Petrify                  Tmut/Erth      ######..     1%          4
 Cause Fear               Hex            ######....   2%          4
 Summon Lightning Spire   Summ/Air       ######..     2%          4
 Shroud of Golubria       Chrm/Tloc      ####..       3%          2
 Inner Flame              Hex/Fire       ######..     3%          3
 Portal Projectile        Hex/Tloc       #####.       3%          3
 Excruciating Wounds      Chrm/Necr      ######....   3%          5
 Summon Ice Beast         Ice/Summ       ######..     4%          4
 Shadow Creatures         Summ           N/A          6%          6
 Ozocubu's Armour         Chrm/Ice       ####....     7%          3
 Airstrike                Air            #####.....   11%         4
 Frozen Ramparts          Ice            ###...       13%         3
 Gell's Gravitas          Tloc           ###.......   13%         3
 Lesser Beckoning         Tloc           ###.......   13%         3
 Teleport Other           Tloc           ###.....     13%         3
 Silence                  Hex/Air        ######....   14%         5
 Yara's Violent Unravell  Hex/Tmut       ######....   14%         5
 Bolt of Magma            Conj/Fire/Erth ######....   17%         5
 Ice Form                 Ice/Tmut       ####....     22%         4
 Metabolic Englaciation   Hex/Ice        #####.....   26%         5
 Statue Form              Tmut/Erth      ######...    30%         6
 Darkness                 Hex            ######....   32%         6
 Blade Hands              Tmut           #####.....   34%         5
 Passage of Golubria      Tloc           N/A          38%         4
 Irradiate                Conj/Tmut      #####.....   38%         5
 Fireball                 Conj/Fire      #####.....   61%         5
 Borgnjor's Revivificati  Necr           #######...   65%         8
 Infestation              Necr           #######...   65%         8
 Hydra Form               Tmut           #####.....   88%         6
 Freezing Cloud           Conj/Ice/Air   ####......   97%         6
 Dragon Form              Tmut           #####.....   100%        7
 Death's Door             Chrm/Necr      ######....   100%        8
 Necromutation            Tmut/Necr      ######....   100%        8
 Dragon's Call            Summ           #######...   100%        9


Dungeon Overview and Level Annotations

Branches:
Dungeon (15/15)            Temple (1/1) D:5            Lair (6/6) D:9
  Swamp (4/4) Lair:3        Snake (4/4) Lair:3        Slime (1/5) Lair:5
    Orc (2/2) D:9             Elf (0/3) Orc:2        Vaults (0/5) D:13
 Depths (2/5) D:15          IceCv (visited)         Gauntlet (visited)

Altars:
Ashenzari
Cheibriados
Dithmenos
Elyvilon
Fedhas
Gozag
Hepliaklqana
Kikubaaqudgha
Makhleb
Nemelex Xobeh
Okawaru
Qazlal
Ru
Sif Muna
Trog
Uskayaw
Vehumet
Wu Jian
Xom
Yredelemnul
Zin
The Shining One
Beogh
Jiyva

Shops:
D:6 :   D:12 [?   D:15 :   Orc:2 }?[(   Lair:3 }!?   Snake:2 *?

Annotations:
D:5 exclusion: oklob plant
D:7 Maggie
Snake:3 Mara
Depths:1 Nikola, the Enchantress


Innate Abilities, Weirdness & Mutations

You have a pair of large antennae on your head. (SInv)
You regenerate health from kills.
You are powered by pain.
When seriously injured, your bleeding wounds create armour. (AC +6)
Your mind is acute. (Int +2)
You are resistant to electric shocks. (rElec)


Message History

You reach to attack!
You puncture the frost giant!
Unknown command.
Attack whom?
Aim: a frost giant, wielding a +2 battleaxe of freezing (heavily wounded)
You could not reach far enough!
The frost giant hits your adder with a +2 battleaxe of freezing!
The frost giant freezes your adder.
Your adder dies!
The frost giant hits your adder with a +2 battleaxe of freezing!!
The frost giant freezes your adder.
Your adder dies!
Okay, then.
You feel much better.
You regained 19 hp, and now have 48/121 hp.
You feel a surge of power!
You draw out your weapon's spirit!
The frost giant gestures at you while chanting.
The bolt of cold hits you!!!
You feel a terrible chill!
You die...
Your body crumbles into a pile of gold.

{ { { ### #. .. ..#
#. .# #.# ######. .#
#.# .......#.###.#
#......#...@(#
#.......####C#####.
....................
#....#C####........
#....#.#....#######
#..?........#
..###.#.#<#..#
#...###..# #.###
#..#


You could see a frost giant and a friendly spectral +9 demon trident of
electrocution.

Levels and vault maps discovered:
D:1:      dpeg_arrival_arbitrary_b, layout_basic, item_on_display_a
D:2:      layout_basic
D:3:      layout_rooms, chequers_ecumenical_altar_simple_redux, serial_glass,
          glass_columns_a, glass_columns_a, glass_columns_a, glass_columns_a,
          glass_columns_a, glass_columns_a, glass_columns_b, glass_columns_a,
          uniq_sigmund
D:4:      layout_loops_ring, nicolae_dithmenos_shadow_blocks,
          kennysheep_generic_room_3
D:5:      layout_basic, tgw_fedhas, kennysheep_mini, minmay_temple_entry_fiery,
          minmay_statues_item
D:6:      layout_basic, old_standard_altar, serial_shops, shop,
          nicolae_zen_rock_garden, minmay_chambers_of_fives
D:7:      layout_basic, serial_glass, glass_columns_a, glass_columns_b,
          uniq_maggie
D:8:      layout_loops_ring
D:9:      layout_big_octagon, lemuel_crystal_altar, david_orc_4, uniq_psyche
D:10:     layout_basic, basic_altar, roderic_lattice_a, lemuel_flamethrower_hall
D:11:     layout_rooms, the_bakery
D:12:     layout_roguey
D:13:     due_megacathedral, layout_rooms, erik_vaults_2,
          kennysheep_generic_room_9, uniq_jorgrun
D:14:     layout_irregular_city, old_standard_altar, lemuel_oklob_altar
D:15:     grunt_enter_depths_magical_seal, layout_loops_ring, uniq_roxanne
Temple:   minmay_crystal_spiral_temple
Lair:1:   cheibrodos_lair_river_kwai, layout_long_grid
Lair:2:   layout_regular_city, portal_ice_cave_rime, minmay_another_anthill,
          uniq_urug
Lair:3:   layout_cave_pods, skrybe_swamp_entry_bodies,
          guppyfry_snake_entry_garden, gauntlet_entry_generic,
          fungi_pond_lemuel, grunt_megastairs_3
Lair:4:   layout_layer_cave
Lair:5:   pond_and_an_island_with_a_cottage, layout_regular_city, slime_altar_2,
          infiniplex_staircase_pool_2
Lair:6:   minmay_lair_end_enchanted_forest, layout_long_grid,
          minmay_lair_oklob_chamber
Swamp:1:  layout_falls_marsh, hangedman_swamp_lotus
Swamp:2:  layout_falls_marsh, hangedman_swamp_ruin_wall, swamp_pool3,
          uniq_donald
Swamp:3:  layout_basic_swamp, nicolae_swamp_round_clearing
Swamp:4:  swamp_basic_johnstein, layout_basic_swamp, swamp_pool4,
          nicolae_swamp_fairy_circle
Snake:1:  layout_gridlike, st_stairs_11, grunt_ministairs_13
Snake:2:  layout_gridlike, drop_trap, minmay_shop_mass, serial_bayou_pond_e,
          uniq_vashnia
Snake:3:  layout_cave_town, statue_in_the_mist_lemuel, uniq_mara
Snake:4:  minmay_snake_end_coiled, layout_chambers, serial_bayou_shore_b,
          uniq_aizul, uniq_asterion
Slime:1:  layout_caves
Orc:1:    layout_caves, mines2_lemuel
Orc:2:    grunt_orc_community_town_hall, layout_caves,
          grunt_orc_community_big_house_1, grunt_orc_community_big_house_1,
          grunt_orc_community_house_1, grunt_orc_community_house_3,
          grunt_orc_community_house_1, grunt_orc_community_house_1,
          grunt_orc_community_house_2, grunt_orc_community_house_2
Depths:1: kennysheep_room_grid, layout_basic, hell_entry, old_standard_altar,
          st_stairs_13, minmay_misc_feat_nine_boxes, grunt_tough_drop,
          uniq_nikola, uniq_enchantress
Depths:2: minmay_the_grid_triangle_9x9_line_8_mashed
          [minmay_the_grid_triangle_9x9_impossible_snake,
          minmay_the_grid_triangle_9x9_thin_v,
          minmay_the_grid_triangle_9x9_corruption,
          minmay_the_grid_triangle_9x9_zippers_vertical,
          minmay_the_grid_triangle_9x9_cache,
          minmay_the_grid_triangle_9x9_odd_lines,
          minmay_the_grid_triangle_9x9_tough_junction,
          minmay_the_grid_triangle_9x9_prize_center], layout_basic, hell_entry,
          nicolae_sextant, serial_shops, shop, st_stairs_9,
          infiniplex_staircase_star, serial_bayou_shore_b

Notes
Turn   | Place    | Note
-------+----------+-------------------------------------------
     0 | D:1      | Niddhogr the Demonspawn Venom Mage began the quest for the
                  | Orb.
     0 | D:1      | Reached XP level 1. HP: 13/13 MP: 3/3
   128 | D:1      | Identified a +0 club
   146 | D:1      | HP: 3/13 [jackal (3)]
   442 | D:1      | Gained mutation: You sometimes gain a little power by
                  | taking damage. [demonic ancestry]
   442 | D:1      | Reached XP level 2. HP: 15/19 MP: 1/5
   446 | D:1      | Identified a +0 club
   470 | D:1      | Learned a level 2 spell: Poisonous Vapours
   758 | D:1      | Identified a +0 club
   869 | D:1      | Identified a +0 club
   938 | D:1      | Identified a +0 short sword
   938 | D:1      | Identified a +0 club
   939 | D:1      | Identified a +0 club
   946 | D:1      | Reached skill level 4 in Poison Magic
  1490 | D:1      | Gained mutation: You regenerate a little health from kills.
                  | [demonic ancestry]
  1490 | D:1      | Reached XP level 3. HP: 21/24 MP: 2/6
  1493 | D:1      | Reached skill level 1 in Air Magic
  1740 | D:1      | Identified a +0 club
  1806 | D:2      | Identified a +0 club
  1806 | D:2      | Identified a +0 hunting sling
  1815 | D:2      | Learned a level 3 spell: Mephitic Cloud
  1828 | D:2      | Identified a +0 giant club
  1828 | D:2      | Noticed an ogre
  2050 | D:1      | Killed an ogre
  2050 | D:1      | Reached skill level 3 in Air Magic
  2050 | D:1      | Gained mutation: You sometimes gain power by taking damage.
                  | [demonic ancestry]
  2050 | D:1      | Reached XP level 4. HP: 9/30 MP: 7/7
  2290 | D:2      | Identified a ring of stealth (You found it on level 2 of
                  | the Dungeon)
  2324 | D:2      | Identified a +0 halberd
  2389 | D:2      | Identified a +0 club
  2390 | D:2      | Identified a +0 spear
  2394 | D:2      | Reached XP level 5. HP: 35/35 MP: 3/8
  2423 | D:2      | Reached skill level 1 in Conjurations
  2465 | D:2      | Identified a +0 club
  2508 | D:2      | Identified a cursed -3 spear (You found it on level 2 of
                  | the Dungeon)
  2509 | D:2      | Identified 2 scrolls of identify
  2509 | D:2      | Identified 2 potions of mutation
  2516 | D:2      | Identified a scroll of enchant armour
  2541 | D:2      | Reached skill level 2 in Conjurations
  2741 | D:2      | Identified a scroll of remove curse
  2749 | D:2      | Identified a potion of lignification
  2750 | D:2      | Identified a potion of stabbing
  2775 | D:2      | Identified a ring of strength (You found it on level 2 of
                  | the Dungeon)
  2872 | D:2      | Identified a +0 club
  2929 | D:2      | HP: 7/35 [bullfrog zombie (2)]
  2930 | D:2      | Identified a potion of heal wounds
  3087 | D:2      | Identified a +0 club
  3239 | D:3      | Identified a +0 club
  3239 | D:3      | Identified a cursed +0 leather armour
  3305 | D:3      | Identified an uncursed amulet of reflection (You found it
                  | on level 3 of the Dungeon)
  3357 | D:3      | Identified a +0 chain mail
  3359 | D:3      | Identified a +0 war axe
  3360 | D:3      | Identified a +0 club
  3360 | D:3      | Identified a cursed +0 leather armour
  3361 | D:3      | Identified a +3 mace of protection
  3361 | D:3      | Identified a +0 chain mail
  3386 | D:3      | Reached skill level 1 in Polearms
  3386 | D:3      | Gained mutation: You have a pair of small antennae on your
                  | head. [demonic ancestry]
  3386 | D:3      | Reached XP level 6. HP: 40/41 MP: 4/9
  3703 | D:3      | Identified a scroll of amnesia
  3704 | D:3      | Found a faded altar of an unknown god.
  3704 | D:3      | Identified a +0 dagger of protection
  3755 | D:3      | Identified a +2 vorpal scythe
  3755 | D:3      | Identified a +0 robe
  3755 | D:3      | Noticed Sigmund
  3755 | D:3      | Identified a +0 dagger
  3766 | D:3      | Killed Sigmund
  3766 | D:3      | Reached skill level 2 in Polearms
  3766 | D:3      | Reached skill level 5 in Poison Magic
  3846 | D:3      | Learned a level 3 spell: Ignite Poison
  4003 | D:3      | Identified a scroll of immolation
  4024 | D:4      | Identified a +0 flail
  4024 | D:4      | Identified a +0 ring mail
  4032 | D:4      | Identified a +0 club
  4032 | D:4      | Identified a +0 leather armour
  4054 | D:4      | Found a shadowy altar of Dithmenos.
  4168 | D:4      | Identified a +0 pair of gloves (You found it on level 4 of
                  | the Dungeon)
  4173 | D:4      | Identified a +0 pair of boots (You found it on level 4 of
                  | the Dungeon)
  4626 | D:4      | Identified 3 potions of curing
  4627 | D:4      | Identified a scroll of enchant weapon
  4628 | D:4      | Identified a scroll of fear
  4654 | D:4      | Identified a +0 giant club
  4666 | D:4      | Gained mutation: You regenerate health from kills. [demonic
                  | ancestry]
  4666 | D:4      | Reached XP level 7. HP: 46/46 MP: 4/10
  4813 | D:4      | Identified a scroll of teleportation
  4927 | D:5      | Entered Level 5 of the Dungeon
  4933 | D:5      | Reached skill level 6 in Poison Magic
  5024 | D:5      | Found a staircase to the Ecumenical Temple.
  5035 | Temple   | Entered the Ecumenical Temple
  5130 | Temple   | Became a worshipper of Gozag Ym Sagoz the Greedy
  5276 | D:5      | Identified a cursed -1 mace
  5276 | D:5      | Identified a +0 leather armour
  5490 | D:5      | Identified a +0 whip
  5500 | D:5      | Reached skill level 3 in Polearms
  5500 | D:5      | Reached skill level 3 in Spellcasting
  5502 | D:5      | Identified a +0 spear
  5513 | D:5      | Identified a +0 spear
  5704 | D:5      | Identified a potion of brilliance
  5821 | D:5      | Found a burning altar of Makhleb.
  5864 | D:5      | Found a blossoming altar of Fedhas.
  5877 | D:5      | Noticed an oklob plant
  6046 | D:6      | Found Ipixain's Book Emporium.
  6172 | D:6      | Learned a level 4 spell: Olgreb's Toxic Radiance
  6177 | D:6      | Identified a scarf of harm (You found it on level 6 of the
                  | Dungeon)
  6289 | D:6      | Identified a potion of invisibility
  6305 | D:6      | Found a hazy altar of Hepliaklqana.
  6349 | D:6      | Identified an uncursed amulet of guardian spirit (You found
                  | it on level 6 of the Dungeon)
  6424 | D:6      | Reached skill level 4 in Spellcasting
  6453 | D:6      | Reached XP level 8. HP: 18/50 MP: 14/14
  6605 | D:6      | Identified 2 potions of haste
  6615 | D:6      | Identified a +0 shortbow
  6874 | D:6      | Reached skill level 4 in Polearms
  7015 | D:7      | Noticed a green ugly thing
  7110 | D:7      | Identified a +0 cloak (You found it on level 7 of the
                  | Dungeon)
  7195 | D:7      | Reached skill level 7 in Poison Magic
  7265 | D:7      | Identified a +0 glaive of flaming
  7265 | D:7      | Identified +0 swamp dragon scales
  7265 | D:7      | Noticed Maggie
  7322 | D:7      | Identified a +0 trident
  7341 | D:7      | Identified a cursed +0 club
  7341 | D:7      | Identified a +0 robe
  7341 | D:7      | Identified a +0 dagger
  7341 | D:7      | Identified a +0 robe
  7342 | D:7      | Identified a +0 club
  7346 | D:7      | Identified a +0 flail
  7363 | D:7      | Identified a +0 club
  7363 | D:7      | Identified a +0 scale mail
  7364 | D:7      | Identified a +0 hand axe
  7364 | D:7      | Identified a +0 plate armour
  7366 | D:7      | Identified a +0 club
  7478 | D:7      | Identified a +0 scale mail
  7531 | D:7      | Identified a +3 dire flail of freezing
  7531 | D:7      | Identified a +0 robe
  7601 | D:7      | Identified a cursed -3 dagger
  7601 | D:7      | Identified a +0 scale mail
  7602 | D:7      | Identified a +0 ring mail
  7602 | D:7      | Identified a +0 trident
  7602 | D:7      | Identified a +0 chain mail
  7602 | D:7      | Identified a +0 dagger
  7602 | D:7      | Identified a +0 robe
  7684 | D:7      | Reached skill level 8 in Poison Magic
  7694 | D:7      | Reached skill level 5 in Polearms
  8036 | D:6      | Bought a book of Battle for 440 gold pieces
  8105 | D:7      | Identified a +0 giant club
  8118 | D:7      | Reached XP level 9. HP: 57/57 MP: 0/15
  8256 | D:7      | Killed a green ugly thing
  8256 | D:7      | Reached skill level 5 in Spellcasting
  8434 | D:7      | Learned a level 3 spell: Spectral Weapon
  8441 | D:7      | Reached skill level 1 in Hexes
  8541 | D:7      | Identified a +5 morningstar
  8541 | D:7      | Identified a +0 robe
  8614 | D:7      | Identified a cursed +2 hand axe
  8614 | D:7      | Identified a +0 robe
  8776 | D:8      | Identified a scroll of random uselessness
  8780 | D:8      | Identified a +0 shortbow
  8783 | D:8      | Reached skill level 6 in Polearms
  8783 | D:8      | Reached skill level 2 in Hexes
  9070 | D:8      | Reached skill level 3 in Hexes
  9168 | D:8      | Identified a +0 dagger
  9276 | D:8      | Identified a +0 giant club
  9684 | D:8      | Identified a +0 mace
  9684 | D:8      | Identified a +0 dagger
  9684 | D:8      | Identified a +0 robe
  9684 | D:8      | Identified a +0 whip
  9753 | D:9      | Noticed a troll
  9753 | D:9      | Identified a +0 flail
  9754 | D:9      | Identified a cursed -2 dagger
  9754 | D:9      | Identified a +0 leather armour
  9756 | D:9      | Identified a +0 club
  9756 | D:9      | Identified a +0 dagger
  9756 | D:9      | Identified a +2 vampiric dagger
  9759 | D:9      | Killed a troll
  9759 | D:9      | Reached skill level 4 in Hexes
  9804 | D:9      | Identified a +0 dagger
  9804 | D:9      | Identified a +0 robe
  9812 | D:9      | Identified a +3 dagger of chaos
  9812 | D:9      | Identified a +1 robe of fire resistance
  9812 | D:9      | Noticed Psyche
  9813 | D:9      | Identified a +0 dagger
  9813 | D:9      | Identified a +0 robe
  9926 | D:9      | Killed Psyche
  9926 | D:9      | Reached skill level 5 in Hexes
 10008 | D:9      | Identified a +0 giant club
 10011 | D:9      | Reached XP level 10. HP: 63/63 MP: 9/17
 10097 | D:9      | Identified a potion of degeneration
 10130 | D:9      | Found a staircase to the Lair.
 10239 | D:9      | Reached skill level 7 in Polearms
 10347 | D:9      | Identified a +0 hand axe
 10348 | D:9      | Identified a +0 battleaxe
 10348 | D:9      | Identified a +0 plate armour
 10348 | D:9      | Identified a +0 club
 10348 | D:9      | Identified a cursed -2 hand axe
 10348 | D:9      | Identified a +2 ring mail of fire resistance
 10348 | D:9      | Identified a +0 long sword
 10348 | D:9      | Identified a +0 plate armour
 10348 | D:9      | Identified a +0 dagger
 10348 | D:9      | Identified a +0 robe
 10348 | D:9      | Identified a +0 short sword
 10349 | D:9      | Identified a +0 hand axe
 10349 | D:9      | Identified a +0 chain mail
 10351 | D:9      | Reached skill level 6 in Hexes
 10364 | D:9      | Identified a +0 long sword
 10364 | D:9      | Identified a +0 chain mail
 10368 | D:9      | Identified a +0 club
 10368 | D:9      | Identified a +0 hand axe
 10368 | D:9      | Identified a +0 dagger
 10368 | D:9      | Identified a +0 robe
 10371 | D:9      | Identified a +0 dagger
 10371 | D:9      | Identified a +0 robe
 10373 | D:9      | Identified a +0 short sword
 10373 | D:9      | Identified a +0 leather armour
 10373 | D:9      | Identified a +0 trident
 10376 | D:9      | Identified a +0 flail
 10376 | D:9      | Identified a +0 plate armour
 10606 | D:9      | Found a staircase to the Orcish Mines.
 10673 | D:9      | Found a bloodstained altar of Trog.
 10740 | D:10     | Entered Level 10 of the Dungeon
 10745 | D:10     | Identified a +0 falchion
 10752 | D:10     | Identified a +0 hand axe
 10774 | D:10     | Reached skill level 1 in Charms
 10774 | D:10     | Reached skill level 2 in Charms
 11113 | D:10     | Got a slimy rapier
 11149 | D:10     | Identified the cursed +0 rapier "Bixeof" {vorpal, *Rage
                  | rPois MR++ Dex+2} (You found it on level 10 of the Dungeon)
 11191 | D:10     | Reached skill level 3 in Charms
 11559 | D:10     | Found a basalt altar of Yredelemnul.
 11616 | D:10     | Identified a ring of poison resistance (You found it on
                  | level 10 of the Dungeon)
 11912 | D:11     | Identified a +0 flail
 11913 | D:11     | Identified a +0 dagger
 11913 | D:11     | Identified a +0 robe
 11913 | D:11     | Identified a +0 leather armour
 11913 | D:11     | Identified a +0 dagger
 11913 | D:11     | Identified a +0 robe
 11915 | D:11     | Identified a +0 flail
 11917 | D:11     | Reached skill level 1 in Evocations
 11990 | D:11     | Reached skill level 2 in Evocations
 12066 | D:11     | Reached skill level 3 in Evocations
 12225 | D:11     | Noticed a green ugly thing
 12238 | D:11     | Identified a +0 dagger
 12238 | D:11     | Identified a cursed +0 scale mail
 12242 | D:11     | Killed a green ugly thing
 12242 | D:11     | Reached skill level 8 in Polearms
 12242 | D:11     | Reached skill level 4 in Evocations
 12494 | D:11     | Got an ichor-stained leather armour
 12505 | D:11     | Identified the cursed +1 leather armour of the Hanged Man
                  | {rCorr Slay+6 SInv} (You found it on level 11 of the
                  | Dungeon)
 12548 | D:11     | Identified a potion of might
 12549 | D:11     | Identified a potion of ambrosia
 12931 | D:11     | Reached skill level 5 in Evocations
 13039 | D:11     | Identified a +0 dagger
 13039 | D:11     | Identified a cursed +0 robe
 13342 | D:12     | Gained mutation: You are powered by pain. [demonic
                  | ancestry]
 13342 | D:12     | Reached XP level 11. HP: 57/68 MP: 15/19
 13371 | D:12     | Reached skill level 6 in Spellcasting
 13507 | D:6      | Bought a book of Dreams for 825 gold pieces
 13513 | D:6      | Learned a level 5 spell: Borgnjor's Vile Clutch
 13674 | D:12     | Identified a +0 spear
 13674 | D:12     | Identified a +1 whip of electrocution
 13674 | D:12     | Identified a +3 whip
 13674 | D:12     | Identified a +2 spear of flaming
 13674 | D:12     | Identified a +0 scale mail
 13674 | D:12     | Identified a +0 kite shield
 13675 | D:12     | Identified a +0 whip
 13726 | D:12     | Identified a +1 cloak (You found it on level 12 of the
                  | Dungeon)
 13767 | D:12     | Reached skill level 1 in Earth Magic
 13817 | D:12     | Identified a +0 giant club
 13817 | D:12     | Identified a +0 giant club
 13817 | D:12     | Noticed a two-headed ogre
 13822 | D:12     | Killed a two-headed ogre
 13822 | D:12     | Reached skill level 1 in Shields
 13822 | D:12     | Reached skill level 2 in Earth Magic
 14067 | D:12     | Identified a +0 scimitar
 14067 | D:12     | Identified a +0 chain mail
 14067 | D:12     | Identified a +0 dagger
 14067 | D:12     | Identified a +0 robe
 14067 | D:12     | Identified a +0 ring mail
 14147 | D:12     | Reached skill level 3 in Earth Magic
 14148 | D:12     | Reached skill level 2 in Shields
 14270 | D:12     | Identified a +0 trident
 14270 | D:12     | Identified a cursed -2 flail
 14270 | D:12     | Identified a +0 leather armour
 14271 | D:12     | Identified a +0 dagger
 14271 | D:12     | Identified a +0 robe
 14271 | D:12     | Identified a +0 dagger
 14271 | D:12     | Identified a +0 robe
 14627 | D:12     | Reached skill level 4 in Earth Magic
 14923 | Orc:1    | Entered Level 1 of the Orcish Mines
 14923 | Orc:1    | Identified a +0 hand axe
 14923 | Orc:1    | Identified a +0 plate armour
 14923 | Orc:1    | Identified a +0 dagger
 14923 | Orc:1    | Identified a +0 dagger of holy wrath
 14923 | Orc:1    | Identified a +0 robe
 14923 | Orc:1    | Identified a +0 falchion
 14923 | Orc:1    | Identified a +0 scale mail
 14923 | Orc:1    | Identified a +0 flail
 14923 | Orc:1    | Identified a +0 hand axe
 14923 | Orc:1    | Identified a +0 plate armour
 14923 | Orc:1    | Identified a +2 dagger of protection
 14923 | Orc:1    | Identified a +0 robe
 14923 | Orc:1    | Identified a +0 ring mail
 14923 | Orc:1    | Identified a +0 chain mail
 14923 | Orc:1    | Identified a +0 flail
 14923 | Orc:1    | Identified a +0 leather armour
 14925 | Orc:1    | Identified a +0 hand axe
 14925 | Orc:1    | Identified a +0 leather armour of cold resistance
 14925 | Orc:1    | Identified a +0 dagger
 14925 | Orc:1    | Identified a +0 robe
 14926 | Orc:1    | Identified a +0 dagger
 14926 | Orc:1    | Identified a +0 robe
 14935 | Orc:1    | Identified a +0 dagger
 14935 | Orc:1    | Identified a +0 robe
 14947 | Orc:1    | Identified a +2 dagger of electrocution
 14947 | Orc:1    | Identified a +0 robe
 14948 | Orc:1    | Identified a +1 trident of flaming
 14948 | Orc:1    | Identified a +0 leather armour
 14948 | Orc:1    | Identified a cursed +0 hand axe
 14948 | Orc:1    | Identified a +0 ring mail
 14948 | Orc:1    | Identified a cursed -2 flail
 14950 | Orc:1    | Identified a +0 trident
 14950 | Orc:1    | Identified a +0 plate armour
 14951 | Orc:1    | Identified a +0 dagger
 14951 | Orc:1    | Identified a +0 robe
 14952 | Orc:1    | Reached skill level 3 in Shields
 14953 | Orc:1    | Identified a +0 dagger
 14953 | Orc:1    | Identified a +0 leather armour
 15071 | Orc:1    | Identified a +0 dagger
 15071 | Orc:1    | Identified a +0 robe
 15071 | Orc:1    | Noticed an orc sorcerer
 15071 | Orc:1    | Identified a +0 dagger
 15071 | Orc:1    | Identified a +0 robe
 15078 | Orc:1    | Identified a +0 mace
 15081 | Orc:1    | Paralysed by an orc sorcerer for 4 turns
 15082 | Orc:1    | Identified a +0 dagger
 15084 | Orc:1    | Identified a +0 dire flail
 15084 | Orc:1    | Identified a cursed +0 plate armour
 15085 | Orc:1    | Killed an orc sorcerer
 15085 | Orc:1    | Reached skill level 5 in Earth Magic
 15095 | Orc:1    | Identified a cursed +0 hand axe
 15099 | Orc:1    | Identified a +0 glaive
 15099 | Orc:1    | Identified a +0 plate armour
 15100 | Orc:1    | Identified a +0 flail
 15100 | Orc:1    | Identified a +0 dagger
 15100 | Orc:1    | Identified a +0 robe
 15101 | Orc:1    | Identified a +0 trident
 15194 | D:9      | Identified a +0 buckler (You found it on level 9 of the
                  | Dungeon)
 15195 | Orc:1    | Identified a +0 dagger
 15195 | Orc:1    | Identified a +0 robe
 15195 | Orc:1    | Identified a cursed -3 club
 15195 | Orc:1    | Identified a cursed +0 leather armour
 15195 | Orc:1    | Identified a +0 leather armour
 15209 | Orc:1    | Identified a +0 battleaxe
 15209 | Orc:1    | Identified a +0 chain mail
 15211 | Orc:1    | Identified a +0 trident
 15211 | Orc:1    | Identified a +0 plate armour
 15425 | Orc:1    | Identified a +0 mace
 15427 | Orc:1    | Identified a cursed -3 bardiche
 15427 | Orc:1    | Identified a +0 plate armour
 15427 | Orc:1    | Noticed an orc knight
 15427 | Orc:1    | Identified a +0 glaive
 15427 | Orc:1    | Identified a +0 chain mail
 15522 | Orc:1    | Identified a +0 whip
 15531 | Orc:1    | Identified a +0 scimitar
 15531 | Orc:1    | Identified a +0 plate armour
 15634 | Orc:1    | Killed an orc knight
 15727 | Orc:1    | You fall into a shaft and drop 1 floor!
 15727 | Orc:2    | Entered Level 2 of the Orcish Mines
 15728 | Orc:2    | Identified a +0 giant club
 15791 | Orc:2    | Identified a +0 giant club
 15796 | Orc:2    | Reached skill level 6 in Earth Magic
 15888 | Orc:2    | Identified a +0 dagger
 15888 | Orc:2    | Identified a +0 robe
 15888 | Orc:2    | Noticed an orc sorcerer
 15892 | Orc:2    | Killed an orc sorcerer
 15892 | Orc:2    | Reached skill level 4 in Shields
 15898 | Orc:2    | Identified a +0 scimitar
 15898 | Orc:2    | Identified a +0 chain mail
 15899 | Orc:2    | Identified a +0 halberd
 15899 | Orc:2    | Identified a +0 plate armour
 15900 | Orc:2    | Identified a +0 flail
 15900 | Orc:2    | Identified a +0 ring mail
 15902 | Orc:2    | Reached skill level 1 in Transmutations
 15902 | Orc:2    | Identified a +0 mace
 15902 | Orc:2    | Identified a +0 scale mail
 15903 | Orc:2    | Identified a +0 dagger
 15903 | Orc:2    | Identified a +0 ring mail
 15904 | Orc:2    | Identified a +0 dagger
 15920 | Orc:2    | Identified a +1 dagger of protection
 15920 | Orc:2    | Identified a +0 robe
 15921 | Orc:2    | Identified a +0 dagger
 15921 | Orc:2    | Identified a +0 robe
 15924 | Orc:2    | Identified a +0 dagger
 15924 | Orc:2    | Identified a +0 robe
 15925 | Orc:2    | Identified a +0 leather armour
 15930 | Orc:2    | Identified a +0 flail
 15930 | Orc:2    | Identified a +2 chain mail of poison resistance
 15933 | Orc:2    | Identified a +0 morningstar
 15933 | Orc:2    | Identified a +0 scale mail
 15936 | Orc:2    | Identified a +0 short sword
 15936 | Orc:2    | Identified a +0 mace
 15938 | Orc:2    | Reached skill level 1 in Fighting
 16111 | Orc:2    | Found a staircase to the Elven Halls.
 16111 | Orc:2    | Identified a +0 club
 16115 | Orc:2    | Identified a +0 scimitar
 16115 | Orc:2    | Identified a cursed -2 chain mail
 16115 | Orc:2    | Identified a +0 hand axe
 16115 | Orc:2    | Identified a +0 leather armour
 16116 | Orc:2    | Identified a +0 flail
 16120 | Orc:2    | Reached skill level 2 in Transmutations
 16380 | Orc:1    | Identified a +0 giant spiked club
 16385 | Orc:1    | Identified a +0 giant spiked club
 16485 | Orc:1    | Identified a +0 giant club
 16577 | Orc:2    | Identified a +0 hand axe
 16578 | Orc:2    | Identified a +0 mace
 16579 | Orc:2    | Identified a +0 long sword
 16579 | Orc:2    | Identified a +0 plate armour
 16580 | Orc:2    | Identified a +0 dagger
 16580 | Orc:2    | Identified a +0 robe
 16590 | Orc:2    | Found a roughly hewn altar of Beogh.
 16590 | Orc:2    | Identified a cursed +0 chain mail
 16590 | Orc:2    | Identified a +1 vampiric hand axe
 16590 | Orc:2    | Identified a +0 trident
 16590 | Orc:2    | Identified a +0 plate armour
 16590 | Orc:2    | Identified a +0 hand axe
 16717 | Orc:2    | Found a roughly hewn altar of Beogh.
 16717 | Orc:2    | Identified a cursed +0 hand axe
 16717 | Orc:2    | Identified a +0 chain mail
 16717 | Orc:2    | Identified a +0 flail
 16717 | Orc:2    | Identified a +0 trident
 16717 | Orc:2    | Identified a +0 club
 16717 | Orc:2    | Identified a +0 club
 16720 | Orc:2    | Reached skill level 2 in Fighting
 16720 | Orc:2    | Reached skill level 3 in Transmutations
 16806 | Orc:2    | Identified a +0 falchion
 16816 | Orc:2    | Identified a +0 dagger
 16816 | Orc:2    | Identified a +0 robe
 16818 | Orc:2    | Identified a +0 scimitar
 16818 | Orc:2    | Identified a +0 chain mail
 16818 | Orc:2    | Identified a +0 dagger
 16818 | Orc:2    | Identified a +0 robe
 16819 | Orc:2    | Identified a +0 club
 16819 | Orc:2    | Identified a +0 leather armour
 16821 | Orc:2    | Identified a +0 dagger
 16821 | Orc:2    | Identified a cursed +0 robe
 16821 | Orc:2    | Identified a +0 club
 16834 | Orc:2    | Identified a +0 club
 16834 | Orc:2    | Identified a +0 leather armour
 16838 | Orc:2    | Reached skill level 1 in Necromancy
 16981 | Orc:2    | Identified a +0 mace
 16981 | Orc:2    | Identified a +0 leather armour
 16986 | Orc:2    | Found a roughly hewn altar of Beogh.
 16986 | Orc:2    | Identified a +0 dagger
 16986 | Orc:2    | Identified a +0 robe
 16986 | Orc:2    | Identified a +0 hand axe
 16986 | Orc:2    | Identified a +0 chain mail
 16987 | Orc:2    | Identified a +0 whip of flaming
 16987 | Orc:2    | Identified a +0 ring mail
 17008 | Orc:2    | Identified a cursed -1 dire flail
 17008 | Orc:2    | Identified a +0 chain mail
 17009 | Orc:2    | Identified a +0 flail
 17026 | Orc:2    | Identified a +0 halberd
 17026 | Orc:2    | Identified a +0 plate armour
 17028 | Orc:2    | Reached skill level 2 in Necromancy
 17028 | Orc:2    | Reached XP level 12. HP: 79/80 MP: 4/21
 17038 | Orc:2    | Identified a +0 flail
 17038 | Orc:2    | Identified a +0 chain mail
 17199 | Orc:2    | Found a roughly hewn altar of Beogh.
 17199 | Orc:2    | Identified a +0 dagger
 17199 | Orc:2    | Identified a +0 ring mail
 17199 | Orc:2    | Identified a cursed -1 short sword
 17199 | Orc:2    | Identified a +0 dire flail
 17199 | Orc:2    | Identified a +0 chain mail
 17200 | Orc:2    | Identified a +1 long sword of freezing
 17200 | Orc:2    | Identified a +0 chain mail
 17331 | Orc:2    | Found a roughly hewn altar of Beogh.
 17350 | Orc:2    | Found a roughly hewn altar of Beogh.
 17350 | Orc:2    | Identified a +0 broad axe
 17350 | Orc:2    | Identified a +0 chain mail
 17350 | Orc:2    | Identified a +0 mace of protection
 17350 | Orc:2    | Identified a +0 ring mail
 17350 | Orc:2    | Identified a +0 hand axe
 17350 | Orc:2    | Identified a +0 plate armour
 17350 | Orc:2    | Identified a +0 hand axe
 17350 | Orc:2    | Identified a +0 leather armour
 17350 | Orc:2    | Identified a +0 dagger
 17350 | Orc:2    | Identified a +0 robe
 17350 | Orc:2    | Identified a +0 leather armour
 17351 | Orc:2    | Identified a +0 whip
 17351 | Orc:2    | Identified a +0 mace
 17351 | Orc:2    | Identified a +0 plate armour
 17351 | Orc:2    | Identified a +0 dagger
 17351 | Orc:2    | Identified a cursed -1 robe
 17354 | Orc:2    | Reached skill level 3 in Necromancy
 17358 | Orc:2    | Found Nuuheixt's Gadget Shop.
 17411 | Orc:2    | Bought a wand of iceblast (9) for 182 gold pieces
 17449 | Orc:2    | Identified a +0 whip
 17449 | Orc:2    | Identified a +0 leather armour
 17481 | Orc:2    | Identified a +0 trident
 17481 | Orc:2    | Identified a +0 plate armour
 17482 | Orc:2    | Identified a +0 hand axe
 17482 | Orc:2    | Identified a +0 leather armour
 17482 | Orc:2    | Identified a +0 hand axe
 17482 | Orc:2    | Identified a +0 chain mail
 17488 | Orc:2    | Reached skill level 3 in Fighting
 17574 | Orc:2    | Identified a +0 whip
 17574 | Orc:2    | Identified a +0 whip
 17575 | Orc:2    | Found a roughly hewn altar of Beogh.
 17575 | Orc:2    | Identified a +0 hand axe
 17575 | Orc:2    | Identified a +0 dagger
 17575 | Orc:2    | Identified a +0 flail
 17575 | Orc:2    | Identified a +0 chain mail
 17576 | Orc:2    | Found Peskib's Magic Scroll Boutique.
 17576 | Orc:2    | Identified a +0 dagger
 17576 | Orc:2    | Identified a +0 robe
 17576 | Orc:2    | Identified a cursed -1 hand axe
 17576 | Orc:2    | Identified a +0 leather armour
 17576 | Orc:2    | Identified a +0 whip
 17576 | Orc:2    | Identified a +0 scale mail
 17576 | Orc:2    | Identified a +0 dagger
 17576 | Orc:2    | Identified a +0 robe
 17631 | Orc:2    | Bought a scroll of identify for 32 gold pieces
 17631 | Orc:2    | Bought a scroll of identify for 32 gold pieces
 17631 | Orc:2    | Bought a scroll of identify for 32 gold pieces
 17631 | Orc:2    | Bought a scroll of identify for 32 gold pieces
 17631 | Orc:2    | Identified a scroll of blinking
 17632 | Orc:2    | Identified a scroll of holy word
 17633 | Orc:2    | Identified 2 scrolls of magic mapping
 17634 | Orc:2    | Identified a scroll of torment
 17672 | Orc:2    | Identified a +0 dagger
 17672 | Orc:2    | Identified a +0 hand axe
 17672 | Orc:2    | Identified a +0 chain mail
 17672 | Orc:2    | Identified a +0 dagger
 17672 | Orc:2    | Identified a cursed +0 robe
 17672 | Orc:2    | Identified a +0 glaive
 17672 | Orc:2    | Identified a +0 plate armour
 17673 | Orc:2    | Identified a +0 dagger
 17673 | Orc:2    | Identified a +0 robe
 17674 | Orc:2    | Identified a +0 dire flail
 17674 | Orc:2    | Identified a +0 plate armour
 17676 | Orc:2    | Identified a +0 trident
 17676 | Orc:2    | Identified a +0 leather armour
 17707 | Orc:2    | Identified a +0 club
 17707 | Orc:2    | Identified a +0 scimitar
 17707 | Orc:2    | Identified a +0 chain mail
 17710 | Orc:2    | Identified a +0 mace
 17712 | Orc:2    | Reached skill level 4 in Necromancy
 17757 | Orc:2    | Identified a +0 whip
 17757 | Orc:2    | Identified a +0 hand axe
 17758 | Orc:2    | Identified a +0 hand axe
 17779 | Orc:2    | Identified a +0 dagger
 17779 | Orc:2    | Identified a +0 robe
 17780 | Orc:2    | Identified a +2 short sword of flaming
 17780 | Orc:2    | Identified a +0 leather armour
 17780 | Orc:2    | Identified a +0 scimitar
 17780 | Orc:2    | Identified a +0 plate armour
 17780 | Orc:2    | Identified a +1 vorpal halberd
 17780 | Orc:2    | Identified a +0 chain mail
 17780 | Orc:2    | Noticed an orc warlord
 17810 | Orc:2    | Identified a +0 hand axe
 17810 | Orc:2    | Identified a +0 plate armour
 17864 | Orc:2    | Identified a +0 flail
 17933 | Orc:2    | Identified a +3 battleaxe
 17933 | Orc:2    | Identified a +0 chain mail
 17934 | Orc:2    | Identified a +0 dagger
 17934 | Orc:2    | Identified a +0 robe
 17935 | Orc:2    | Identified a +1 dagger of venom
 17935 | Orc:2    | Identified a +0 robe
 17935 | Orc:2    | Identified a +0 scimitar
 17935 | Orc:2    | Identified a +0 chain mail
 17962 | Orc:2    | Killed an orc warlord
 17962 | Orc:2    | Reached skill level 4 in Fighting
 17962 | Orc:2    | Reached skill level 5 in Necromancy
 18056 | Orc:2    | Identified a +0 dagger
 18056 | Orc:2    | Identified a +0 robe
 18057 | Orc:2    | Identified a +0 dagger
 18057 | Orc:2    | Identified a +0 robe
 18060 | Orc:2    | Found Hynat's Antique Weapon Boutique.
 18062 | Orc:2    | Found a roughly hewn altar of Beogh.
 18109 | Orc:2    | Found Karphi's Antique Armour Shop.
 18222 | Orc:2    | Bought a glowing cloak for 240 gold pieces
 18232 | Orc:2    | Identified a +0 cloak of preservation (You bought it in a
                  | shop on level 2 of the Orcish Mines)
 18283 | Orc:2    | Bought a scroll of acquirement for 832 gold pieces
 18283 | Orc:2    | Acquired a +4 demon trident of electrocution
 18291 | Orc:2    | Acquired 690 gold pieces
 18372 | Lair:1   | Entered Level 1 of the Lair of Beasts
 18375 | Lair:1   | Reached skill level 6 in Necromancy
 18557 | Lair:1   | Identified a potion of resistance
 18893 | Lair:1   | Reached skill level 5 in Fighting
 18893 | Lair:1   | Reached skill level 7 in Earth Magic
 18993 | Lair:1   | Identified a ring of positive energy (You found it on level
                  | 1 of the Lair of Beasts)
 19131 | Lair:1   | Identified a ring of flight (You found it on level 1 of the
                  | Lair of Beasts)
 19207 | Lair:1   | Reached skill level 1 in Armour
 19410 | Lair:1   | Identified a scroll of noise
 19567 | Lair:1   | Identified a potion of berserk rage
 19915 | Lair:1   | Reached skill level 2 in Armour
 20009 | Lair:1   | Noticed a seven-headed hydra
 20015 | Lair:1   | Killed a seven-headed hydra
 20015 | Lair:1   | Reached skill level 8 in Earth Magic
 20305 | Lair:2   | Identified a +3 demon trident of draining
 20305 | Lair:2   | Identified a +2 scale mail of fire resistance
 20305 | Lair:2   | Noticed Urug
 20326 | Lair:2   | Killed Urug
 20373 | Lair:2   | Found a frozen archway.
 20473 | Lair:2   | Reached skill level 3 in Armour
 20571 | IceCv    | Entered an ice cave
 20757 | IceCv    | HP: 21/86 [ice statue] (31)]
 21093 | IceCv    | Reached skill level 9 in Earth Magic
 21242 | IceCv    | Gained mutation: You have a pair of antennae on your head.
                  | [demonic ancestry]
 21242 | IceCv    | Reached XP level 13. HP: 91/91 MP: 20/22
 22010 | IceCv    | Identified a ring of protection (You found it in an ice
                  | cave)
 22012 | IceCv    | Identified a ring of magical power (You found it in an ice
                  | cave)
 22017 | IceCv    | Identified a ring of wizardry (You found it in an ice cave)
 22452 | IceCv    | Reached skill level 4 in Armour
 22452 | IceCv    | Reached skill level 7 in Necromancy
 22842 | Lair:2   | Reached skill level 8 in Necromancy
 23088 | Lair:2   | Reached skill level 5 in Armour
 23193 | Lair:2   | Got a warped arbalest
 23455 | Lair:2   | Reached skill level 2 in Dodging
 23785 | Lair:3   | Found a gate leading to a gauntlet.
 23792 | Lair:3   | Bought a wand of paralysis (8) for 160 gold pieces
 23792 | Lair:3   | Bought a wand of paralysis (8) for 160 gold pieces
 23797 | Lair:3   | Learned a level 4 spell: Cause Fear
 23800 | Gauntlet | Entered a Gauntlet
 23800 | Gauntlet | Found a transporter.
 23808 | Gauntlet | Found a transporter.
 23809 | Gauntlet | Found a transporter.
 23831 | Gauntlet | Reached skill level 7 in Spellcasting
 23854 | Gauntlet | Identified a scroll of brand weapon
 23889 | Gauntlet | Found a transporter.
 23889 | Gauntlet | Found a transporter.
 23894 | Gauntlet | Found a transporter.
 23894 | Gauntlet | Found a runed translucent door.
 24035 | Gauntlet | Found a runed translucent gate.
 24035 | Gauntlet | Found a runed translucent door.
 24036 | Gauntlet | Identified a +0 broad axe
 24036 | Gauntlet | Identified a +0 leather armour of fire resistance
 24037 | Gauntlet | Identified a +0 war axe
 24037 | Gauntlet | Identified a +0 robe
 24037 | Gauntlet | Identified a +1 hand axe of flaming
 24037 | Gauntlet | Identified a +0 leather armour
 24038 | Gauntlet | Found a runed translucent gate.
 24043 | Gauntlet | Found a runed translucent gate.
 24047 | Gauntlet | Found a transporter.
 24089 | Gauntlet | Got a pair of slimy gloves
 24100 | Gauntlet | Identified the +0 pair of gloves "Cuosuex" {Str-4 Slay+5}
                  | (You found it in a Gauntlet)
 24167 | Gauntlet | Identified a +3 demon blade of electrocution
 24167 | Gauntlet | Identified a cursed +0 plate armour
 24167 | Gauntlet | Identified a +0 tower shield
 24167 | Gauntlet | Noticed a minotaur
 24199 | Gauntlet | Killed a minotaur
 24199 | Gauntlet | Reached skill level 3 in Dodging
 24199 | Gauntlet | Reached skill level 7 in Hexes
 24221 | Gauntlet | Got a polished ring mail
 24221 | Gauntlet | Got a pair of bloodstained gloves
 24237 | Gauntlet | Identified the +0 pair of gloves of Delightful Surprise
                  | {Harm rF+ Dex+5} (You found it in a Gauntlet)
 24250 | Gauntlet | Identified a scroll of silence
 24262 | Gauntlet | Identified the cursed +0 ring mail of Incorporation {Harm
                  | Dex+2} (You found it in a Gauntlet)
 24409 | Gauntlet | Identified a ring of evasion (You found it in a Gauntlet)
 24577 | Lair:3   | Found the macabre finger necklace {rN+}
 24880 | Lair:3   | Reached skill level 4 in Dodging
 24956 | Lair:3   | Found a staircase to the Swamp.
 24973 | Lair:3   | Reached skill level 8 in Spellcasting
 24993 | Lair:3   | Identified a scroll of fog
 25230 | Lair:3   | Identified a +0 mace
 25230 | Lair:3   | Identified a +0 flail
 25232 | Lair:3   | Found a staircase to the Snake Pit.
 25237 | Lair:3   | Identified a +0 flail
 26089 | Lair:4   | Acquired 2020 gold pieces
 26103 | Lair:4   | Identified a cursed amulet of inaccuracy (You found it on
                  | level 4 of the Lair of Beasts)
 26559 | Lair:4   | You fall into a shaft and drop 2 floors!
 26559 | Lair:6   | Entered Level 6 of the Lair of Beasts
 26569 | Lair:6   | Reached skill level 5 in Dodging
 26572 | Lair:6   | Reached XP level 14. HP: 93/98 MP: 19/26
 26573 | Lair:6   | Reached skill level 9 in Spellcasting
 26782 | Lair:6   | Reached skill level 9 in Polearms
 27059 | Lair:5   | Found a runed translucent door.
 27061 | Lair:5   | Found a viscous altar of Jiyva.
 27063 | Lair:5   | Found a staircase to the Slime Pits.
 27130 | Lair:5   | Reached skill level 10 in Spellcasting
 27784 | Lair:5   | Identified a +1 dagger of draining
 27784 | Lair:5   | Identified a +0 robe
 28952 | Slime:1  | Entered Level 1 of the Pits of Slime
 29028 | Slime:1  | Noticed an azure jelly
 29156 | Lair:6   | Reached skill level 10 in Earth Magic
 29561 | Lair:6   | Reached skill level 10 in Polearms
 29600 | Lair:6   | Identified a +2 short sword of venom
 29600 | Lair:6   | Identified a +0 robe
 29601 | Lair:6   | Identified a +0 dagger
 29601 | Lair:6   | Identified a +0 robe
 29608 | Lair:6   | Identified a cursed -2 spear
 29615 | Lair:6   | Reached skill level 6 in Evocations
 29629 | Lair:6   | Identified a +0 dagger
 29629 | Lair:6   | Identified a +0 robe
 29629 | Lair:6   | Identified a +0 buckler
 29729 | Lair:6   | Identified a +0 short sword
 29729 | Lair:6   | Identified a +0 robe
 29760 | Lair:6   | Identified a +0 short sword
 29760 | Lair:6   | Identified a +0 robe
 29760 | Lair:6   | Identified a +0 short sword
 29760 | Lair:6   | Identified a +0 robe
 29818 | Lair:6   | Identified a +0 short sword
 29818 | Lair:6   | Identified a +0 robe
 29820 | Lair:6   | Identified a +0 spear
 29820 | Lair:6   | Identified a +0 buckler
 29824 | Lair:6   | Reached skill level 7 in Evocations
 29943 | Lair:6   | Identified a cursed -2 dagger
 29943 | Lair:6   | Identified a +0 robe
 30088 | Lair:6   | Identified a +0 rapier
 30088 | Lair:6   | Identified a +0 robe
 30120 | Lair:6   | Got a shimmering marble ring
 30122 | Lair:6   | Identified the ring of Qulov {*Slow rN+ EV+4 Stlth+} (You
                  | found it on level 6 of the Lair of Beasts)
 31074 | D:13     | Identified a +0 giant spiked club
 31075 | D:13     | Identified a +0 giant club
 31075 | D:13     | Identified a +0 giant club
 31104 | D:12     | Learned a level 3 spell: Tukima's Dance
 31268 | D:12     | Bought a glimmering leather armour for 196 gold pieces
 31268 | D:12     | Bought a distressingly furry leather armour for 196 gold
                  | pieces
 31283 | D:12     | Identified the +3 leather armour of Eternal Vigilance
                  | {rElec Regen+} (You bought it in a shop on level 12 of the
                  | Dungeon)
 31296 | D:12     | Identified the +1 leather armour of Apathy {Dex+3} (You
                  | bought it in a shop on level 12 of the Dungeon)
 31312 | D:12     | Bought a scroll of teleportation for 42 gold pieces
 31312 | D:12     | Bought a scroll of fear for 49 gold pieces
 31312 | D:12     | Bought a scroll of teleportation for 42 gold pieces
 31315 | D:13     | Identified a +0 dagger
 31384 | D:13     | Identified a ring of dexterity (You found it on level 13 of
                  | the Dungeon)
 31456 | D:13     | Identified a ring of protection from fire (You found it on
                  | level 13 of the Dungeon)
 31532 | D:13     | Found a gate to the Vaults.
 31532 | D:13     | Identified a +0 great sword
 31532 | D:13     | Identified a +0 chain mail
 31532 | D:13     | Identified a +0 battleaxe
 31532 | D:13     | Identified a +0 plate armour
 31532 | D:13     | Identified a +1 battleaxe of electrocution
 31532 | D:13     | Identified a +0 plate armour
 31532 | D:13     | Identified a +2 great sword of electrocution
 31532 | D:13     | Identified a +0 chain mail
 31532 | D:13     | Identified a +0 battleaxe
 31532 | D:13     | Identified a +0 chain mail
 31532 | D:13     | Identified a +0 great sword
 31532 | D:13     | Identified a +0 chain mail
 31546 | D:13     | Reached skill level 8 in Evocations
 31546 | D:13     | Reached XP level 15. HP: 63/103 MP: 12/29
 31655 | D:13     | Identified a cursed -2 mace
 31655 | D:13     | Identified a +0 robe
 31655 | D:13     | Identified a cursed +5 dagger
 31655 | D:13     | Identified a +0 robe
 31660 | D:13     | Identified a +0 dagger
 31660 | D:13     | Identified a +2 robe of magic resistance
 31665 | D:13     | Identified a +4 dagger of freezing
 31665 | D:13     | Identified a +0 robe
 31666 | D:13     | Identified a +0 bardiche
 31666 | D:13     | Identified a +0 chain mail
 31666 | D:13     | Identified a cursed +6 dire flail
 31666 | D:13     | Identified a +0 robe
 31778 | D:13     | Identified a +2 tower shield (You found it on level 13 of
                  | the Dungeon)
 31804 | D:13     | Identified a +0 longbow
 31822 | D:13     | Identified a +0 shortbow
 31823 | D:13     | Identified a +0 shortbow
 31823 | D:13     | Identified a +0 shortbow
 31835 | D:13     | Identified a +0 dagger
 31835 | D:13     | Identified a +0 robe
 31836 | D:13     | Identified a +0 dagger
 31836 | D:13     | Identified a +0 robe
 31836 | D:13     | Identified a +0 trident
 31836 | D:13     | Identified a +0 leather armour
 31904 | D:13     | Identified a +0 dagger
 31904 | D:13     | Identified a +0 leather armour
 31904 | D:13     | Identified a +0 mace
 31904 | D:13     | Identified a +0 leather armour
 31905 | D:13     | Identified a cursed +0 hand axe
 31906 | D:13     | Identified a +0 flail
 31907 | D:13     | Identified a +0 dagger
 31907 | D:13     | Identified a +0 robe
 32137 | D:13     | Identified a +2 great mace of protection
 32137 | D:13     | Identified a +2 plate armour of poison resistance
 32142 | D:13     | Reached skill level 9 in Evocations
 32207 | D:14     | Identified a +0 giant club
 32207 | D:14     | Identified a +0 giant club
 32423 | D:14     | You fall into a shaft and drop 1 floor!
 32423 | D:15     | Entered Level 15 of the Dungeon
 32423 | D:15     | Identified a +0 flail
 32423 | D:15     | Identified a +0 robe of positive energy
 32423 | D:15     | Identified a +1 dagger of electrocution
 32423 | D:15     | Identified a +0 robe
 32426 | D:15     | Identified a +0 dagger
 32426 | D:15     | Identified a +0 robe
 32432 | D:15     | Identified a +0 dagger
 32432 | D:15     | Identified a +2 robe of resistance
 32446 | D:15     | Found a staircase to the Depths.
 32446 | D:15     | Identified a +0 dagger
 32446 | D:15     | Identified a +0 robe
 32454 | D:15     | Reached skill level 11 in Polearms
 32490 | D:15     | Identified Roxanne's Catalogue of the Mountains
 32490 | D:15     | Noticed Roxanne
 32530 | D:15     | Killed Roxanne
 32537 | D:15     | Learned a level 2 spell: Passwall
 32754 | D:15     | Identified a +0 robe
 32754 | D:15     | Identified a +0 giant club
 32754 | D:15     | Identified a +0 giant spiked club
 32755 | D:15     | Identified a +0 giant club
 32755 | D:15     | Identified a +0 giant club
 32755 | D:15     | Identified a cursed +0 giant club
 32758 | D:15     | Identified a +0 giant club
 32758 | D:15     | Identified a +0 giant club
 32761 | D:15     | Reached skill level 10 in Evocations
 32847 | D:15     | Identified a +3 scimitar of flaming
 32847 | D:15     | Identified a +0 mace
 32939 | D:15     | Identified a +2 scimitar of flaming
 32951 | D:15     | Identified a +0 long sword
 32951 | D:15     | Identified a +0 leather armour
 32979 | D:15     | Identified a +0 rapier
 32979 | D:15     | Identified a +0 ring mail
 32981 | D:15     | Identified a +0 giant club
 32981 | D:15     | Identified a +0 giant club
 33040 | D:15     | Identified a +0 mace
 33068 | D:15     | Identified a +0 shortbow
 33069 | D:15     | Identified a +5 shortbow
 33069 | D:15     | Identified a +0 shortbow
 33306 | D:14     | Identified a +2 pair of boots (You found it on level 14 of
                  | the Dungeon)
 33315 | D:14     | Identified a +0 giant club
 33315 | D:14     | Identified a +0 giant spiked club
 33378 | D:14     | Identified a +0 mace
 33400 | D:14     | Identified a +0 flail
 33407 | D:14     | Identified a +0 club
 33408 | D:14     | Identified a +0 mace
 33408 | D:14     | Identified a cursed +0 chain mail
 33408 | D:14     | Identified a +0 short sword
 33408 | D:14     | Identified a +0 leather armour
 33432 | D:14     | Found a white marble altar of Elyvilon.
 33461 | D:14     | Found a radiant altar of Vehumet.
 33884 | D:13     | Found a sparkling altar of Nemelex Xobeh.
 33903 | D:13     | Identified a +0 robe
 33903 | D:13     | Noticed Jorgrun
 34015 | D:13     | HP: 15/103 [Jorgrun/uncursed staff of earth (14)]
 34028 | D:14     | Killed Jorgrun
 34319 | D:13     | Found an iron altar of Okawaru.
 34357 | D:13     | Found a shadowy altar of Dithmenos.
 34382 | D:13     | Reached skill level 11 in Earth Magic
 34434 | D:13     | Found a runed translucent door.
 34524 | D:13     | Found an opulent altar of Gozag.
 34551 | D:13     | Found a blossoming altar of Fedhas.
 34649 | D:13     | Found an opulent altar of Gozag.
 34724 | D:13     | Identified a +2 pair of gloves of archery (You found it on
                  | level 13 of the Dungeon)
 34736 | D:13     | Got a twisted rapier
 34737 | D:13     | Identified the +12 rapier of Forced Transition {vorpal,
                  | +Blink rF++ rN+ MR-} (You found it on level 13 of the
                  | Dungeon)
 34831 | D:15     | Bought a Necronomicon for 1656 gold pieces
 34844 | D:15     | Identified a +2 scimitar of flaming
 35203 | D:15     | Identified a +0 shortbow
 35220 | D:15     | Identified a +0 long sword
 35220 | D:15     | Identified a +1 leather armour of magic resistance
 35224 | D:15     | Identified a +0 mace
 35224 | D:15     | Identified a +0 robe
 35230 | D:15     | Identified a cursed +0 great sword
 35230 | D:15     | Identified a +0 robe
 35232 | D:15     | Identified a cursed +4 dagger
 35232 | D:15     | Identified a +0 robe
 35239 | D:15     | Identified a cursed +2 great sword
 35239 | D:15     | Identified a +0 robe
 35347 | D:15     | Identified a +0 giant club
 35347 | D:15     | Identified a +0 great mace
 35644 | D:15     | Identified a +0 giant club
 35868 | Swamp:1  | Entered Level 1 of the Swamp
 35925 | Swamp:1  | Reached skill level 12 in Polearms
 36204 | Swamp:1  | Gained mutation: You have a pair of large antennae on your
                  | head. (SInv) [demonic ancestry]
 36204 | Swamp:1  | Reached XP level 16. HP: 109/109 MP: 30/30
 36220 | Swamp:1  | Identified a scroll of summoning
 36252 | Swamp:1  | Identified a +0 spear
 36262 | Swamp:1  | Identified the +3 ring mail of Roawun {rElec Str+4} (You
                  | found it on level 1 of the Swamp)
 36857 | Swamp:1  | Reached skill level 12 in Earth Magic
 36866 | Swamp:1  | Learned a level 7 spell: Haunt
 36891 | Swamp:2  | Identified a +0 spear
 36891 | Swamp:2  | Identified a +0 buckler
 36891 | Swamp:2  | Identified a cursed -2 spear
 36891 | Swamp:2  | Identified a +2 spear of freezing
 36891 | Swamp:2  | Identified a +0 buckler
 36894 | Swamp:2  | Reached skill level 1 in Summonings
 36906 | Swamp:2  | Gained mutation: You are clumsy. (Dex -2) [potion of
                  | mutation]
 36906 | Swamp:2  | Gained mutation: Your spells are a little harder to cast,
                  | but a little more powerful. [potion of mutation]
 36907 | Swamp:2  | Lost mutation: Your spells are a little harder to cast, but
                  | a little more powerful. [potion of mutation]
 36907 | Swamp:2  | Lost mutation: You are clumsy. (Dex -2) [potion of
                  | mutation]
 36907 | Swamp:2  | Gained mutation: Your mind is acute. (Int +2) [potion of
                  | mutation]
 36907 | Swamp:2  | Gained mutation: You are resistant to electric shocks.
                  | (rElec) [potion of mutation]
 37073 | Swamp:2  | Reached skill level 2 in Summonings
 37201 | Swamp:2  | Identified a +0 spear
 37241 | Swamp:2  | Reached skill level 3 in Summonings
 37263 | Swamp:2  | Identified a +0 spear
 37263 | Swamp:2  | Identified a +0 buckler
 37264 | Swamp:2  | Identified a +0 spear
 37382 | Swamp:2  | Reached skill level 4 in Summonings
 37497 | Swamp:2  | Identified a +0 double sword
 37497 | Swamp:2  | Identified a +0 plate armour
 37497 | Swamp:2  | Identified a +0 kite shield of reflection
 37497 | Swamp:2  | Noticed Donald
 37519 | Swamp:2  | Identified a +0 spear
 37519 | Swamp:2  | Identified the ring "Kama" {Fire Int+4 Slay+5 SInv}
 37522 | Swamp:2  | Killed Donald
 37525 | Swamp:2  | Identified a cursed +0 spear
 37730 | Swamp:2  | Reached skill level 5 in Summonings
 38083 | Swamp:3  | Identified a +0 vorpal spear
 38372 | Swamp:3  | Identified a +0 quarterstaff
 38372 | Swamp:3  | Identified a +0 robe
 38372 | Swamp:3  | Identified a +0 spear
 38372 | Swamp:3  | Identified a +0 buckler
 38372 | Swamp:3  | Identified a +0 rapier
 38372 | Swamp:3  | Identified a +0 robe
 38679 | Swamp:3  | Reached skill level 6 in Summonings
 39196 | Swamp:3  | Reached skill level 7 in Summonings
 39408 | Swamp:4  | Entered Level 4 of the Swamp
 39550 | Swamp:4  | Identified a ring of see invisible (You found it on level 4
                  | of the Swamp)
 39602 | Swamp:4  | Identified a +1 quarterstaff of speed
 39602 | Swamp:4  | Identified a +0 robe
 39723 | Swamp:4  | Identified a ring of fire (You found it on level 4 of the
                  | Swamp)
 39733 | Swamp:4  | Identified the ring "Otekh" {rPois rCorr} (You found it on
                  | level 4 of the Swamp)
 40231 | Swamp:4  | Reached skill level 13 in Polearms
 40495 | Swamp:4  | Reached skill level 8 in Summonings
 40774 | Swamp:4  | Identified a +0 spear
 40992 | Swamp:4  | Reached skill level 9 in Necromancy
 41052 | Swamp:4  | Noticed a thorn hunter
 41382 | Swamp:4  | Killed a thorn hunter
 41484 | Swamp:4  | HP: 26/109 [swamp dragon/blast of poison (13)]
 41489 | Swamp:4  | HP: 24/109 [poisoned by a swamp dragon (blast of poison)]
 41494 | Swamp:4  | HP: 23/109 [poisoned by a swamp dragon (poison gas)]
 41499 | Swamp:4  | HP: 18/109 [poisoned by a swamp dragon (poison gas)]
 41504 | Swamp:4  | HP: 15/109 [poisoned by a swamp dragon (poison gas)]
 41509 | Swamp:4  | HP: 12/109 [poisoned by a swamp dragon (poison gas)]
 41515 | Swamp:4  | HP: 11/109 [poisoned by a swamp dragon (poison gas)]
 41521 | Swamp:4  | HP: 11/109 [poisoned by a swamp dragon (poison gas)]
 41529 | Swamp:4  | HP: 11/109 [poisoned by a swamp dragon (poison gas)]
 42110 | Swamp:4  | Got a decaying rune of Zot
 42141 | Swamp:4  | Reached XP level 17. HP: 106/115 MP: 27/31
 42158 | Swamp:4  | Reached skill level 10 in Necromancy
 42198 | Swamp:4  | Identified a potion of magic
 42524 | Snake:1  | Entered Level 1 of the Snake Pit
 42702 | Snake:1  | Identified a +2 glaive of freezing
 42702 | Snake:1  | Identified a +0 glaive
 42702 | Snake:1  | Identified a +0 arbalest
 42702 | Snake:1  | Identified a +0 robe
 42764 | Snake:1  | Identified a +0 hand axe
 42777 | Snake:1  | Identified a +0 shortbow of flaming
 43057 | Snake:1  | Identified a +0 spear
 43057 | Snake:1  | Identified a +0 robe
 43164 | Snake:1  | Identified a +0 trident
 43164 | Snake:1  | Identified a +0 tower shield
 43360 | Snake:1  | Identified a +0 long sword of venom
 43360 | Snake:1  | Identified a +0 shortbow
 43360 | Snake:1  | Identified a +0 robe
 43370 | Snake:1  | Identified a +0 long sword
 43370 | Snake:1  | Identified a +0 arbalest
 43370 | Snake:1  | Identified a +0 robe
 43371 | Snake:1  | Identified a +0 halberd
 43532 | Snake:1  | Identified a +0 hand axe
 43532 | Snake:1  | Identified a +0 longbow
 43572 | Snake:1  | Identified a +0 flail
 43572 | Snake:1  | Identified a -3 shortbow
 43594 | Snake:1  | Reached skill level 11 in Necromancy
 44038 | Snake:1  | Identified a +0 short sword
 44038 | Snake:1  | Identified a +0 kite shield
 44041 | Snake:1  | Identified a +0 mace
 44041 | Snake:1  | Identified a +0 arbalest
 44041 | Snake:1  | Identified a +0 robe
 44068 | Snake:1  | HP: 27/115 [black mamba (5)]
 44073 | Snake:1  | HP: 27/115 [mana viper (3)]
 44075 | Snake:1  | HP: 5/115 [mana viper (14)]
 44160 | Snake:1  | Identified a +3 scimitar of venom
 44160 | Snake:1  | Identified a +0 robe of magic resistance
 44994 | Snake:2  | Identified a +2 mace of protection
 44994 | Snake:2  | Identified a +0 arbalest
 44994 | Snake:2  | Identified a +2 naga barding of flying
 44994 | Snake:2  | Noticed Vashnia
 44994 | Snake:2  | Identified a +0 flail
 44994 | Snake:2  | Identified a +0 shortbow
 44994 | Snake:2  | Identified a +0 dire flail
 44994 | Snake:2  | Identified a +0 arbalest
 44994 | Snake:2  | Identified a +0 hand axe
 44994 | Snake:2  | Identified a +0 arbalest
 45148 | Snake:2  | Identified a +0 dire flail
 45148 | Snake:2  | Identified a +0 arbalest
 45148 | Snake:2  | Identified a +0 robe
 45184 | Snake:2  | HP: 8/115 [Vashnia/bolt (28)]
 45186 | Snake:2  | HP: 1/115 [Vashnia/+0 arbalest (7)]
 45187 | Snake:2  | Identified a +0 spear
 45187 | Snake:2  | Identified a +0 robe
 45187 | Snake:2  | Identified a +0 flail
 45187 | Snake:2  | Identified a +0 halberd
 45187 | Snake:2  | Identified a +0 flail
 45187 | Snake:2  | Identified a +0 halberd
 45187 | Snake:2  | Identified a +0 short sword
 45191 | Snake:2  | Killed Vashnia
 45206 | Snake:2  | Identified a +0 glaive
 45208 | Snake:2  | HP: 21/115 [naga sharpshooter/bolt[Vashnia] (20)]
 45227 | Snake:2  | Found the +9 heavy crossbow "Sniper" {vorpal, Acc+∞ SInv}
 45263 | Snake:2  | Found Raisucix's Mass Market.
 45268 | Snake:2  | HP: 8/115 [naga sharpshooter/bolt[Vashnia] (30)]
 45648 | Snake:2  | Identified a +0 halberd
 45656 | Snake:2  | Reached skill level 12 in Necromancy
 45714 | Snake:2  | Identified a +0 flail
 45714 | Snake:2  | Identified a +0 robe
 45760 | Snake:2  | Identified a +2 whip of electrocution
 45760 | Snake:2  | Identified a +0 robe
 45767 | Snake:2  | Identified a +0 halberd
 45767 | Snake:2  | Identified a +0 robe
 45998 | Snake:2  | Identified a +0 dagger
 45998 | Snake:2  | Identified a +0 robe
 45998 | Snake:2  | Identified a +0 halberd
 46096 | Snake:2  | Identified a +0 halberd
 46096 | Snake:2  | Identified a +0 robe
 46102 | Snake:2  | Identified a +3 vorpal halberd
 46106 | Snake:2  | Reached skill level 14 in Polearms
 46182 | Snake:2  | Identified a +0 mace
 46382 | Snake:2  | Identified a +0 halberd
 46525 | Snake:2  | HP: 28/115 [anaconda (15)]
 47023 | Snake:2  | Bought a scroll of silence for 120 gold pieces
 47023 | Snake:2  | Bought a scroll of teleportation for 48 gold pieces
 47023 | Snake:2  | Bought a scroll of teleportation for 48 gold pieces
 47023 | Snake:2  | Bought a scroll of summoning for 152 gold pieces
 47031 | Snake:3  | Identified a +0 quarterstaff
 47031 | Snake:3  | Identified a cursed +0 robe
 47031 | Snake:3  | Identified a +0 shortbow of flaming
 47031 | Snake:3  | Identified a +0 scimitar
 47031 | Snake:3  | Identified a +2 tower shield
 47031 | Snake:3  | Identified a +0 glaive
 47031 | Snake:3  | Identified a +0 robe
 47031 | Snake:3  | Identified a +0 war axe
 47031 | Snake:3  | Identified a +0 robe
 47032 | Snake:3  | Identified a +2 antimagic halberd
 47110 | Snake:3  | Identified a +0 flail
 47117 | Snake:3  | Identified a +0 dagger of venom
 47117 | Snake:3  | Identified a +2 robe of the Archmagi
 47514 | Snake:3  | Identified the +1 leather armour "Qebadoc" {rC+ rN+++ Int-2
                  | Dex-4} (You found it on level 3 of the Snake Pit)
 47544 | Snake:3  | Identified a +0 shortbow
 47544 | Snake:3  | Identified a +0 mace
 47546 | Snake:3  | Identified a +0 halberd
 47565 | Snake:3  | Identified a +0 dire flail
 47845 | Snake:3  | Identified a +0 war axe
 47866 | Snake:3  | Reached skill level 13 in Necromancy
 48011 | Snake:3  | Identified a +2 vampiric demon trident
 48011 | Snake:3  | Identified a +0 robe
 48011 | Snake:3  | Noticed Mara
 48122 | Snake:3  | Identified a +0 whip of holy wrath
 48200 | Snake:3  | Noticed Niddhogr's illusion
 48258 | Snake:3  | Identified a +1 vorpal dire flail
 48259 | Snake:3  | Identified a +0 spear
 48259 | Snake:3  | Identified a +0 robe
 48259 | Snake:3  | Identified a +0 hand axe
 48296 | Snake:3  | Identified a +0 dire flail
 48297 | Snake:3  | Identified a +0 halberd
 48297 | Snake:3  | Identified a +0 robe
 48674 | Snake:3  | Noticed Niddhogr's illusion
 48681 | Snake:3  | HP: 25/115 [Mara (illusionary)/+2 vampiric demon trident
                  | (15)]
 48686 | Snake:3  | HP: 21/115 [poisoned by Niddhogr's illusion (toxic
                  | radiance)]
 48691 | Snake:3  | HP: 17/115 [poisoned by Niddhogr's illusion (toxic
                  | radiance)]
 48696 | Snake:3  | HP: 15/115 [poisoned by Niddhogr's illusion (toxic
                  | radiance)]
 48701 | Snake:3  | HP: 13/115 [poisoned by Niddhogr's illusion (toxic
                  | radiance)]
 48708 | Snake:3  | HP: 12/115 [poisoned by Niddhogr's illusion (toxic
                  | radiance)]
 48714 | Snake:3  | HP: 11/115 [poisoned by Niddhogr's illusion (toxic
                  | radiance)]
 48723 | Snake:3  | HP: 11/115 [poisoned by Niddhogr's illusion (toxic
                  | radiance)]
 48730 | Snake:3  | HP: 11/115 [poisoned by Niddhogr's illusion (toxic
                  | radiance)]
 49120 | Snake:4  | Entered Level 4 of the Snake Pit
 49120 | Snake:4  | Identified a +0 halberd
 49131 | Snake:3  | HP: 26/115 [black mamba (7)]
 49132 | Snake:3  | HP: 12/115 [salamander/+0 halberd (7)]
 49454 | Snake:4  | Identified a +0 glaive
 49454 | Snake:4  | Identified a +0 club
 49513 | Snake:4  | Reached skill level 6 in Armour
 49569 | Snake:4  | Identified a +0 war axe
 49571 | Snake:4  | Identified a +0 short sword
 49571 | Snake:4  | Identified a cursed -2 battleaxe
 49905 | Snake:4  | Noticed Aizul
 49919 | Snake:4  | Killed Aizul
 50206 | Snake:4  | Identified a +0 robe
 50379 | Snake:4  | Identified a +2 scimitar of venom
 50379 | Snake:4  | Identified a +0 robe
 50665 | Snake:4  | Identified a +0 glaive
 50665 | Snake:4  | Identified a +0 robe
 50676 | Snake:4  | Identified a +0 halberd
 50676 | Snake:4  | Identified a cursed +0 robe
 50695 | Snake:4  | Identified a cursed -1 battleaxe
 50695 | Snake:4  | Identified a +0 robe
 50695 | Snake:4  | Identified a +0 hand axe
 50695 | Snake:4  | Identified a cursed +0 robe
 50727 | Snake:4  | Identified a +0 hand axe
 50731 | Snake:4  | Identified a +0 morningstar
 50731 | Snake:4  | Identified a +0 robe
 50798 | Snake:4  | Identified a +0 long sword
 50801 | Snake:4  | Identified a +1 dagger of venom
 50801 | Snake:4  | Identified a +0 robe
 50832 | Snake:4  | Identified a +0 club
 50844 | Snake:4  | Reached skill level 14 in Necromancy
 50992 | Snake:4  | Identified a +3 spear
 51055 | Snake:4  | Identified a +0 robe
 51075 | Snake:4  | Identified a +0 quarterstaff
 51075 | Snake:4  | Identified a +0 robe
 51075 | Snake:4  | Identified a +1 vorpal trident
 51075 | Snake:4  | Identified a +0 halberd
 51078 | Snake:4  | Identified a +0 spear
 51088 | Snake:4  | Gained mutation: When seriously injured, your bleeding
                  | wounds create armour. (AC +6) [demonic ancestry]
 51088 | Snake:4  | Reached XP level 18. HP: 112/121 MP: 27/32
 51375 | Snake:4  | Identified a +0 short sword
 51378 | Snake:4  | Identified a +0 halberd
 51379 | Snake:4  | Identified a +0 scimitar
 51382 | Snake:4  | Identified a +0 shortbow of flaming
 51387 | Snake:4  | Identified a +0 glaive
 51392 | Snake:4  | Identified a +4 shortbow of flaming
 51396 | Snake:4  | Identified a +0 battleaxe
 51399 | Snake:4  | Reached skill level 7 in Armour
 51428 | Snake:4  | Identified a +0 halberd
 51428 | Snake:4  | Identified a +0 robe
 51464 | Snake:4  | Identified a +0 short sword
 51464 | Snake:4  | Identified a +0 robe
 51467 | Snake:4  | Identified a +1 short sword of protection
 51472 | Snake:4  | Identified a +1 vorpal spear
 51472 | Snake:4  | Identified a +0 naga barding
 51481 | Snake:4  | Identified a +0 war axe
 51482 | Snake:4  | Identified a +0 glaive
 51487 | Snake:4  | Identified a +0 long sword
 51542 | Snake:4  | Identified a +3 broad axe of electrocution
 51542 | Snake:4  | Identified a +2 scale mail of fire resistance
 51542 | Snake:4  | Identified a +2 kite shield
 51542 | Snake:4  | Noticed Asterion
 51643 | Snake:4  | Identified a cursed -3 flail
 51738 | Snake:4  | Identified a +2 vorpal battleaxe
 51738 | Snake:4  | Identified a +0 arbalest
 51977 | Snake:4  | Identified a +2 mace of holy wrath
 51983 | Snake:4  | Identified a cursed -1 dire flail
 51983 | Snake:4  | Identified a cursed +0 robe
 51983 | Snake:4  | Identified a +0 scimitar
 51983 | Snake:4  | Identified a +0 robe
 51984 | Snake:4  | Identified a +2 spear of flaming
 51984 | Snake:4  | Identified a +0 robe
 51995 | Snake:4  | Identified a cursed -1 morningstar
 52016 | Snake:4  | Reached skill level 9 in Summonings
 52019 | Snake:4  | Identified a +0 halberd
 52019 | Snake:4  | Identified a +0 robe
 52031 | Snake:4  | Identified a +0 war axe
 52031 | Snake:4  | Identified a +0 robe
 52046 | Snake:4  | Identified a +0 halberd
 52046 | Snake:4  | Identified a +0 long sword
 52089 | Snake:4  | Identified a +3 dagger of venom
 52089 | Snake:4  | Identified a +0 robe
 52098 | Snake:4  | Identified a +0 halberd
 52098 | Snake:4  | Identified a +0 robe
 52098 | Snake:4  | Identified a +0 club
 52098 | Snake:4  | Identified a +0 halberd
 52098 | Snake:4  | Identified a +0 club
 52098 | Snake:4  | Identified a +1 robe of magic resistance
 52142 | Snake:4  | Identified a +0 scimitar
 52142 | Snake:4  | Identified a cursed -2 kite shield
 52148 | Snake:4  | Identified a +0 dire flail
 52148 | Snake:4  | Identified a +0 flail
 52148 | Snake:4  | Identified a +0 robe
 52185 | Snake:4  | Identified a +0 mace
 52185 | Snake:4  | Identified a +0 longbow of freezing
 52216 | Snake:4  | Identified a +0 trident
 52225 | Snake:4  | Identified a +0 war axe
 52225 | Snake:4  | Identified a +0 robe
 52238 | Snake:4  | Identified a +0 glaive
 52437 | Snake:4  | Identified a +2 vorpal spear
 52458 | Snake:4  | Killed Asterion
 52512 | Snake:4  | Identified a +0 spear
 52512 | Snake:4  | Identified a +0 robe
 52523 | Snake:4  | Identified a +0 short sword
 52523 | Snake:4  | Identified a +0 kite shield
 52531 | Snake:4  | Reached skill level 10 in Summonings
 52554 | Snake:4  | Identified a +0 dire flail
 52586 | Snake:4  | Identified a +0 flail
 52586 | Snake:4  | Identified a +0 shortbow
 52853 | Snake:4  | Identified a +0 short sword
 52914 | Snake:4  | Identified a +0 halberd
 52914 | Snake:4  | Identified a +0 robe
 52921 | Snake:4  | Reached skill level 8 in Armour
 52927 | Snake:4  | Identified a +2 hand axe of freezing
 52927 | Snake:4  | Identified a cursed -1 robe
 53191 | Snake:4  | Identified a +4 dagger of venom
 53191 | Snake:4  | Identified a +0 robe
 53452 | Snake:4  | Got a serpentine rune of Zot
 53533 | Snake:4  | Identified a +0 halberd
 53633 | Lair:3   | Bought a potion of haste for 180 gold pieces
 53633 | Lair:3   | Bought 2 potions of heal wounds for 180 gold pieces
 53633 | Lair:3   | Bought a potion of berserk rage for 90 gold pieces
 53633 | Lair:3   | Bought a potion of haste for 180 gold pieces
 53644 | Lair:3   | Bought a scroll of blinking for 142 gold pieces
 53777 | D:6      | Bought a book of Changes for 275 gold pieces
 53777 | D:6      | Bought the Collected Works on the Volcanoes and the
                  | Snowflakes for 605 gold pieces
 53777 | D:6      | Bought a book of Spatial Translocations for 715 gold pieces
 53781 | D:6      | Learned a level 2 spell: Blink
 53784 | D:6      | Learned a level 2 spell: Sticks to Snakes
 54020 | D:15     | Bought the Tome of Doomed Flight for 949 gold pieces
 54023 | D:15     | Learned a level 2 spell: Swiftness
 54097 | Depths:1 | Entered Level 1 of the Depths
 54280 | D:15     | Identified a +0 war axe
 54280 | D:15     | Identified a +0 plate armour
 54280 | D:15     | Identified a +0 long sword
 54280 | D:15     | Identified a +0 chain mail
 54280 | D:15     | Identified a +0 flail
 54280 | D:15     | Identified a +0 plate armour
 54280 | D:15     | Identified a +0 halberd
 54280 | D:15     | Identified a +0 chain mail
 54280 | D:15     | Identified a +0 flail
 54280 | D:15     | Identified a +0 plate armour
 54280 | D:15     | Identified a +0 shortbow
 54280 | D:15     | Identified a +0 shortbow
 54280 | D:15     | Identified a +0 shortbow of freezing
 54280 | D:15     | Identified a +0 shortbow
 54344 | Depths:1 | Identified the cursed +0 great sword of Xetoip {drain, rC+
                  | Int+3} (You found it on level 1 of the Depths)
 54427 | Depths:1 | Identified a +9 quick blade
 54427 | Depths:1 | Identified a +2 buckler of fire resistance
 54427 | Depths:1 | Noticed the Enchantress
 54427 | Depths:1 | Identified a +2 rapier of venom
 54427 | Depths:1 | Identified a +0 robe
 54427 | Depths:1 | Identified a +0 buckler
 54427 | Depths:1 | Identified a +0 rapier of protection
 54427 | Depths:1 | Identified a +0 robe
 54427 | Depths:1 | Identified a +2 buckler
 54427 | Depths:1 | Identified a +3 demon whip of venom
 54427 | Depths:1 | Identified a +0 robe
 54427 | Depths:1 | Identified a +0 buckler
 54427 | Depths:1 | Identified a +0 robe
 54450 | Depths:1 | Identified a +0 longbow
 54453 | Depths:1 | Identified a +3 rapier of electrocution
 54453 | Depths:1 | Identified a +0 cloak
 54453 | Depths:1 | Identified a +0 pair of gloves
 54453 | Depths:1 | Noticed Nikola
 54471 | Depths:1 | Identified a +0 rapier
 54471 | Depths:1 | Identified a +0 robe
 54472 | Depths:1 | Identified a +0 whip
 54472 | Depths:1 | Identified a +0 robe
 54474 | Depths:1 | Identified a +2 antimagic quarterstaff
 54474 | Depths:1 | Identified a +0 animal skin
 54562 | Depths:1 | Identified a cursed +0 war axe
 54562 | Depths:1 | Identified a +0 ring mail
 54562 | Depths:1 | Identified a cursed +0 buckler
 54691 | Depths:1 | Identified a +0 arbalest
 54691 | Depths:1 | Identified a +5 arbalest
 54691 | Depths:1 | Identified a +0 arbalest
 54705 | Depths:1 | Reached skill level 11 in Summonings
 54724 | Depths:2 | Identified a +2 battleaxe of freezing
 54742 | Depths:2 | Identified a +0 giant spiked club
 54742 | Depths:2 | Identified a +0 giant spiked club
 54742 | Depths:2 | Identified a cursed -2 giant club
 54742 | Depths:2 | Identified a +0 giant spiked club
 54743 | Depths:2 | Identified a +0 club
 54743 | Depths:2 | Identified a +0 robe
 54744 | Depths:2 | Identified a +0 giant club
 54754 | Depths:2 | Identified a cursed -1 giant club
 54754 | Depths:2 | Identified a +0 giant spiked club
 54916 | Depths:2 | HP: 22/121 [frost giant/bolt of cold (52)]
 54943 | Depths:2 | HP: 28/121 [frost giant/+2 battleaxe of freezing (7)]
 54948 | Depths:2 | Killed from afar by a frost giant

Table legend:
 A = Turns spent in this place as a percentage of turns spent in the entire game.
 B = Non-inter-level travel turns spent in this place as a percentage of non-inter-level travel turns spent in the entire game.
 C = Inter-level travel turns spent in this place as a percentage of turns spent in this place.
 D = Turns resting spent in this place as a percentage of non-inter-level travel turns spent in this place.
 E = Turns spent auto-exploring this place as a percentage of non-inter-level travel turns spent in this place.
 F = Non-inter-level travel turns spent in this place divided by the number of levels of this place that you've seen.
                   A       B       C       D       E      F
               +-------+-------+-------+-------+-------+----------------------
         Total | 100.0 | 100.0 |   5.5 |  18.5 |  58.1 | 1403.0
       Dungeon |  37.6 |  36.1 |   9.2 |  12.5 |  66.4 | 1250.3
        Temple |   0.3 |   0.2 |  46.4 |   0.0 |  91.8 |  97.0
          Lair |  18.4 |  18.8 |   3.6 |   6.0 |  77.0 | 1624.2
         Swamp |  12.1 |  12.2 |   4.7 |  29.2 |  48.6 | 1580.2
     Snake Pit |  20.2 |  20.8 |   2.8 |  29.1 |  46.3 | 2699.8
    Slime Pits |   0.2 |   0.2 |   0.0 |   0.0 |   0.0 |  87.0
  Orcish Mines |   5.5 |   5.7 |   2.2 |  17.5 |  56.6 | 1479.5
        Depths |   1.1 |   1.2 |   0.0 |  35.3 |  20.2 | 307.0
      Ice Cave |   3.5 |   3.7 |   0.0 |  38.6 |  12.7 | 1924.0
      Gauntlet |   1.1 |   1.2 |   0.0 |  38.7 |   0.0 | 612.0
               +-------+-------+-------+-------+-------+----------------------

Table legend:
 A = Kills in this place as a percentage of kills in entire the game.
 B = Kills by you in this place as a percentage of kills by you in the entire game.
 C = Kills by friends in this place as a percentage of kills by friends in the entire game.
 D = Other kills in this place as a percentage of other kills in the entire game.
 E = Experience gained in this place as a percentage of experience gained in the entire game.
 F = Experience gained in this place divided by the number of levels of this place that you have seen.
                   A       B       C       D       E      F
               +-------+-------+-------+-------+-------+----------------------
         Total | 100.0 | 100.0 | 100.0 | 100.0 | 100.0 | 9167.3
       Dungeon |  37.4 |  37.4 |   0.0 |  66.7 |  20.8 | 4700.6
          Lair |  20.1 |  20.2 |   0.0 |   0.0 |  16.8 | 9488.8
         Swamp |  12.4 |  12.4 |   0.0 |  33.3 |  21.2 | 17994.2
     Snake Pit |  13.4 |  13.2 | 100.0 |   0.0 |  30.6 | 25975.5
    Slime Pits |   0.6 |   0.6 |   0.0 |   0.0 |   0.6 | 2098.0
  Orcish Mines |  12.0 |  12.1 |   0.0 |   0.0 |   3.6 | 6137.0
        Depths |   1.5 |   1.5 |   0.0 |   0.0 |   3.6 | 6114.0
      Ice Cave |   1.5 |   1.5 |   0.0 |   0.0 |   1.6 | 5444.0
      Gauntlet |   1.1 |   1.1 |   0.0 |   0.0 |   1.1 | 3825.0
               +-------+-------+-------+-------+-------+----------------------

Skill      XL: |  1  2  3  4  5  6  7  8  9 10 11 12 13 14 15 16 17 18 |
---------------+-------------------------------------------------------+-----
Poison Magic   | 4 5 6 8 |  8.5
Air Magic      | 3 |  3.3
Conjurations   | 2 |  2.0
Polearms       | 1 2 3 5 6 8 10 12 13 14 | 14.0
Spellcasting   | 4 5 6 8 10 | 10.0
Hexes          | 5 6 7 |  7.2
Charms         | 3 |  3.0
Evocations     | 5 8 10 | 10.2
Earth Magic    | 6 9 10 11 12 | 12.0
Shields        | 4 |  4.0
Transmutations | 3 |  3.0
Fighting       | 2 5 |  5.0
Necromancy     | 2 6 8 9 14 | 14.0
Armour         | 3 5 6 8 |  8.6
Dodging        | 5 |  5.0
Summonings     | 8 11 | 11.2
Stealth        | |  1.7

Action                   |  1- 3 |  4- 6 |  7- 9 | 10-12 | 13-15 | 16-18 || total
-------------------------+-------+-------+-------+-------+-------+-------++-------
Melee: Unarmed           |     8 |       |       |       |       |       ||     8
       Club              |    21 |       |       |       |       |       ||    21
       Short sword       |    19 |    25 |       |       |       |       ||    44
       Spear             |       |    70 |       |    77 |       |       ||   147
       Scythe            |       |    23 |   136 |    87 |       |       ||   246
       Mace              |       |     3 |       |       |       |       ||     3
       Trident           |       |       |       |    66 |       |       ||    66
       Demon trident     |       |       |       |    85 |  1045 |   906 ||  2036
 Cast: Sting             |    28 |     6 |     4 |     3 |       |       ||    41
       Poisonous Vapours |     5 |    37 |    52 |    77 |    73 |       ||   244
       Mephitic Cloud    |     1 |     1 |    10 |     9 |     2 |       ||    23
       Ignite Poison     |       |       |    28 |    66 |    35 |    11 ||   140
       Olgreb's Toxic Ra |       |       |     9 |    58 |    52 |    21 ||   140
       Spectral Weapon   |       |       |     1 |    28 |    61 |   125 ||   215
       Borgnjor's Vile C |       |       |       |       |    18 |    74 ||    92
       Tukima's Dance    |       |       |       |       |     6 |       ||     6
       Passwall          |       |       |       |       |       |     5 ||     5
       Blink             |       |       |       |       |       |     5 ||     5
       Sticks to Snakes  |       |       |       |       |       |     2 ||     2
       Haunt             |       |       |       |       |       |     1 ||     1
Invok: Call Merchant     |       |       |       |       |     4 |     3 ||     7
 Abil: Evoke Flight      |       |       |       |       |     2 |       ||     2
       Stop Flying       |       |       |       |       |     1 |       ||     1
Evoke: Wand              |       |       |     2 |     8 |     6 |    21 ||    37
  Use: Scroll            |       |    12 |     6 |    15 |    18 |    29 ||    80
       Potion            |       |     1 |     2 |     3 |     8 |    19 ||    33
 Stab: Sleeping          |     1 |     4 |     2 |     5 |     4 |     3 ||    19
       Confused          |       |       |     1 |     2 |       |       ||     3
       Distracted        |       |       |       |     4 |    14 |    17 ||    35
       Invisible         |       |       |       |     2 |     1 |       ||     3
Armor: Robe              |     4 |    15 |    31 |    12 |       |    41 ||   103
       Leather armour    |       |       |       |    32 |   102 |    64 ||   198
Dodge: Dodged            |    31 |    68 |    63 |    87 |   348 |   330 ||   927
Block: Other             |       |    16 |    29 |    37 |       |       ||    82
       Reflection        |       |       |     1 |     8 |     8 |    43 ||    60
       Buckler           |       |       |       |    38 |   252 |   214 ||   504

Vanquished Creatures
  Jorgrun (D:14)
  Asterion (Snake:4)
  A thorn hunter (Swamp:4)
  Donald (Swamp:2)
  Roxanne (D:15)
  8 nagarajas
  An orc warlord (Orc:2)
  Aizul (Snake:4)
  A stone giant (Depths:2)
  A very ugly thing (Swamp:2)
  A minotaur (Gauntlet)
  2 ogre magi
  18 hydras
  2 ice dragons (IceCv)
  8 vault guards (D:13)
  3 shambling mangroves
  3 ghost crabs
  8 anacondas
  11 two-headed ogres
  10 naga warriors
  3 centaur warriors
  A queen ant (Lair:2)
  2 deep troll shamans
  2 deep troll earth magi
  14 alligators
  Urug (Lair:2)
  A tengu warrior (Depths:1)
  A spriggan berserker (Depths:1)
  5 shock serpents
  12 naga sharpshooters
  2 wizards (D:15)
  An unseen horror (D:15)
  3 salamander mystics
  2 spriggan druids
  A flayed ghost (D:13)
  8 swamp dragons
  6 naga ritualists
  6 deep trolls
  An orc knight (Orc:1)
  A lindwurm (Lair:6)
  12 mana vipers
  6 ugly things
  3 manticores
  4 orc sorcerers
  2 necromancers
  13 salamanders
  5 oklob plants
  4 deep elf magi
  5 centaur zombies
  A cyclops (D:12)
  34 black mambas
  3 elephants (Lair:6)
  Psyche (D:9)
  16 naga magi
  2 ice statues (IceCv)
  A torpor snail (Lair:5)
  3 gargoyles
  14 cane toads
  A minotaur zombie (Gauntlet)
  3 efreet (D:15)
  2 yaktaurs (Depths:1)
  5 rime drakes
  5 komodo dragons
  A redback zombie (D:13)
  12 tyrant leeches
  6 polar bears
  8 trolls
  31 blink frogs
  17 bog bodies
  A wolf spider simulacrum (Gauntlet)
  20 hornets
  10 hippogriffs
  18 slime creatures
  4 centaur simulacra
  9 shadows
  Sigmund (D:3)
  A vampire (D:15)
  49 yaks
  A ynoxinul (Gauntlet)
  5 wraiths (D:13)
  24 spriggans
  20 fire bats (D:13)
  5 wyverns
  A basilisk (Lair:1)
  14 vampire mosquitoes
  4 steam dragons
  11 insubstantial wisps
  50 nagas
  3 wargs
  A hydra simulacrum (Gauntlet)
  5 soldier ants (Lair:2)
  15 swamp worms
  5 porcupines
  14 water moccasins
  42 orc warriors
  11 swamp drakes
  2 black bears (Lair:6)
  18 ice beasts
  An eye of draining (D:9)
  5 sky beasts
  15 ogres
  A necrophage (D:6)
  2 phantoms
  11 boggarts
  2 elephant zombies (Lair:5)
  29 wolves
  8 centaurs
  10 crocodiles
  17 bullfrogs
  A gnoll sergeant (D:12)
  2 wyvern zombies (D:14)
  3 scorpions
  A water moccasin skeleton (D:12)
  8 killer bees (D:7)
  A howler monkey (D:5)
  12 wights
  2 electric eels
  A bullfrog zombie (D:2)
  3 hounds
  A quasit (D:12)
  28 orc priests
  4 jellies
  A basilisk zombie (Lair:5)
  7 centaur skeletons
  3 iron imps (Gauntlet)
  3 bullfrog skeletons
  3 iguanas
  44 orc wizards
  34 worker ants
  A crocodile zombie (Lair:5)
  A howler monkey zombie (D:7)
  A worker ant zombie (D:11)
  12 gnolls
  7 adders
  A shadow imp (D:7)
  6 oozes
  2 adder skeletons
  5 worms
  7 leopard geckos
  110 orcs
  3 ball pythons
  5 giant cockroaches
  10 goblins
  6 hobgoblins
  10 jackals
  4 quokkas
  91 bats
  4 frilled lizards
  4 kobolds
  A quokka zombie (D:6)
  6 rats
  2 fungi (D:5)
  3 plants
1305 creatures vanquished.

Vanquished Creatures (collateral kills)
  Vashnia (Snake:2)
  2 naga sharpshooters (Snake:2)
  A mana viper (Snake:2)
4 creatures vanquished.

Vanquished Creatures (others)
  A spriggan (Swamp:4)
  A dancing weapon (D:15)
  A big kobold (D:10)
  A hound (D:10)
  An orc wizard (D:9)
  A bat (D:13)
  5 kobolds (D:10)
  3 fungi
  3 plants
  30 spectral weapons
47 creatures vanquished.

Grand Total: 1356 creatures vanquished
